Workbook

Sheet SUMMARY_233
A1: ELLEMBELLE DISTRICT ASSEMBLY
A2: SUMMARY OF REVENUE AND EXPENDITURE AND 2023 PROPOSED BUDGET ESTIMATES
A3: REVENUE PERFORMANCE, (2020-AUGUST 2022 & 2023 COMPOSITE BUDGET ESTIMATES)
A4: NATURAL ACCOUNT | B4: REVENUE ITEMS | C4: 2017 Estimates | D4: 2017 Actuals | E4: % Performance Against 2017 Actuals | F4: 2018 Estimates | G4: 2018 Actuals | H4: % Performance Against 2018 Actuals | I4: 2019 Estimates | J4: 2019 Actuals | K4: % Performance Against 2019 Actuals | L4: 2020 Estimates | M4: 2020 Actuals | N4: % Performance Against 2020 Actuals | O4: 2021 Estimates | P4: 2021 Actuals | Q4: % Performance Against 2021 Estimate | R4: 2022 Draft Estimates | S4: 2022 Actuals | T4: % Performance Against 2022 Est. | U4: 2023 Approved Estimate as @ August 2022 | V4: Actuals as @ May. 2023 | W4: % Performance Against 2023 Est. | X4: 2023 Approved Estimate as per Estimate & contracts | Y4: 2023 Review
A5: 1131000 | B5: RATES | C5: 456000 | D5: 5502.2 | E5: =D5/C5*100 -> 1.2066228 | F5: 456000 | G5: 100161.5 | H5: =G5/F5*100 -> 21.965241 | I5: ='[1]REV-S'!C5 -> 1881000 | J5: ='[1]REV-S'!D5 -> 2003680.1 | K5: =J5/I5*100 -> 106.52207 | L5: ='[1]REV-S'!F5 -> 2640000 | M5: ='[2]R-dtls'!G8 -> 2609049.2 | N5: =M5/L5*100 -> 98.827621 | O5: ='[2]R-dtls'!I8 -> 2732500 | P5: ='[2]R-dtls'!J8 -> 2032868.6 | Q5: ='[2]R-dtls'!K8 -> 74.395922 | R5: ='[2]R-dtls'!M8 -> 2732500 | S5: =R_23_DTLS!J8 -> 3374640.1 | T5: =S5/R5*100 -> 123.50009 | U5: =R_23_DTLS!L8 -> 3832500 | V5: =R_23_DTLS!M8 -> 3455 | W5: =V5/U5*100 -> 0.090150033 | X5: =U5 -> 3832500 | Y5: =R_23_DTLS!P8 -> 3832500
A6: 1331000 | B6: GRANTS | C6: 6007357 | D6: 2246382.9 | E6: =D6/C6*100 -> 37.393864 | F6: 5822046 | G6: 3104080.7 | H6: =G6/F6*100 -> 53.315977 | I6: ='[1]REV-S'!C6 -> 6548883 | J6: ='[1]REV-S'!D6 -> 4863507.9 | K6: =J6/I6*100 -> 74.264694 | L6: ='[1]REV-S'!F6 -> 7887198 | M6: ='[2]R-dtls'!G19 -> 5332853 | N6: =M6/L6*100 -> 67.614037 | O6: ='[2]R-dtls'!I19 -> 7689506 | P6: ='[2]R-dtls'!J19 -> 3651315.8 | Q6: ='[2]R-dtls'!K19 -> 47.4844 | R6: ='[2]R-dtls'!M19 -> 8454541 | S6: =R_23_DTLS!J18 -> 7022036.5 | T6: =S6/R6*100 -> 83.05639 | U6: =R_23_DTLS!L18 -> 8739541 | V6: =R_23_DTLS!M18 -> 1777812.1 | W6: =V6/U6*100 -> 20.342168 | X6: =U6 -> 8739541 | Y6: =R_23_DTLS!P18 -> 9839541
A7: 1412000 | B7: LANDS AND ROYALTIES | C7: 880000 | D7: 24211.2 | E7: =D7/C7*100 -> 2.7512727 | F7: 1930000 | G7: 228383.9 | H7: =G7/F7*100 -> 11.833363 | I7: ='[1]REV-S'!C7 -> 1750000 | J7: ='[1]REV-S'!D7 -> 1079445 | K7: =J7/I7*100 -> 61.682571 | L7: ='[1]REV-S'!F7 -> 1981200 | M7: ='[2]R-dtls'!G26 -> 1288290.4 | N7: =M7/L7*100 -> 65.02576 | O7: ='[2]R-dtls'!I26 -> 2572000 | P7: ='[2]R-dtls'!J26 -> 880830.62 | Q7: ='[2]R-dtls'!K26 -> 34.246914 | R7: ='[2]R-dtls'!M26 -> 2323140 | S7: =R_23_DTLS!J25 -> 1580126.7 | T7: =S7/R7*100 -> 68.01685 | U7: =R_23_DTLS!L25 -> 2047243 | V7: =R_23_DTLS!M25 -> 244832.75 | W7: =V7/U7*100 -> 11.959145 | X7: =U7 -> 2047243 | Y7: =R_23_DTLS!P25 -> 2047243
A8: 1415000 | B8: RENT OF LAND, BUILDINGS & HOUSES | C8: 10500 | D8: 3000 | E8: =D8/C8*100 -> 28.571429 | F8: 10500 | G8: 5490 | H8: =G8/F8*100 -> 52.285714 | I8: ='[1]REV-S'!C8 -> 15000 | J8: ='[1]REV-S'!D8 -> 477 | K8: =J8/I8*100 -> 3.18 | L8: ='[1]REV-S'!F8 -> 17000 | M8: ='[2]R-dtls'!G32 -> 23189.35 | N8: =M8/L8*100 -> 136.40794 | O8: ='[2]R-dtls'!I32 -> 12500 | P8: ='[2]R-dtls'!J32 -> 11680 | Q8: ='[2]R-dtls'!K32 -> 93.44 | R8: ='[2]R-dtls'!M32 -> 17460 | S8: =R_23_DTLS!J31 -> 22902 | T8: =S8/R8*100 -> 131.16838 | U8: =R_23_DTLS!L31 -> 52000 | V8: =R_23_DTLS!M31 -> 18757 | W8: =V8/U8*100 -> 36.071154 | X8: =U8 -> 52000 | Y8: =R_23_DTLS!P31 -> 52000
A9: 1422000 | B9: LICENCES | C9: 890940 | D9: 102568 | E9: =D9/C9*100 -> 11.512335 | F9: 880200 | G9: 107962.5 | H9: =G9/F9*100 -> 12.265678 | I9: ='[1]REV-S'!C9 -> 802150 | J9: ='[1]REV-S'!D9 -> 1118881.2 | K9: =J9/I9*100 -> 139.48529 | L9: ='[1]REV-S'!F9 -> 737500 | M9: ='[2]R-dtls'!G113 -> 679759.36 | N9: =M9/L9*100 -> 92.170761 | O9: ='[2]R-dtls'!I113 -> 592000 | P9: ='[2]R-dtls'!J113 -> 322150.76 | Q9: ='[2]R-dtls'!K113 -> 54.417358 | R9: ='[2]R-dtls'!M113 -> 594500 | S9: =R_23_DTLS!J86 -> 315103.92 | T9: =S9/R9*100 -> 53.003183 | U9: =R_23_DTLS!L86 -> 761750 | V9: =R_23_DTLS!M86 -> 1000550.2 | W9: =V9/U9*100 -> 131.3489 | X9: =U9 -> 761750 | Y9: =R_23_DTLS!P86 -> 761750
A10: 1423000 | B10: FEES | C10: 32946 | D10: 35000 | E10: =D10/C10*100 -> 106.23444 | F10: 456000 | G10: 72958.1 | H10: =G10/F10*100 -> 15.999583 | I10: ='[1]REV-S'!C10 -> 185150 | J10: ='[1]REV-S'!D10 -> 159198 | K10: =J10/I10*100 -> 85.983257 | L10: ='[1]REV-S'!F10 -> 217500 | M10: ='[2]R-dtls'!G140 -> 209523.6 | N10: =M10/L10*100 -> 96.33269 | O10: ='[2]R-dtls'!I140 -> 88500 | P10: ='[2]R-dtls'!J140 -> 204164.9 | Q10: ='[2]R-dtls'!K140 -> 230.6948 | R10: ='[2]R-dtls'!M140 -> 129900 | S10: =R_23_DTLS!J106 -> 114513.5 | T10: =S10/R10*100 -> 88.155119 | U10: =R_23_DTLS!L106 -> 304007 | V10: =R_23_DTLS!M106 -> 48396 | W10: =V10/U10*100 -> 15.91937 | X10: =U10 -> 304007 | Y10: =R_23_DTLS!P106 -> 304007
A11: 1430000 | B11: FINES, PENALTIES & FORFEITS | C11: 1000 | D11: 950 | E11: =D11/C11*100 -> 95 | F11: 1000 | G11: 256 | H11: =G11/F11*100 -> 25.6 | I11: ='[1]REV-S'!C11 -> 2500 | J11: 0 | K11: 0 | L11: ='[1]REV-S'!F11 -> 4000 | M11: ='[2]R-dtls'!G145 -> 140 | N11: =M11/L11*100 -> 3.5 | O11: ='[2]R-dtls'!I145 -> 2500 | P11: ='[2]R-dtls'!J145 -> 837 | Q11: ='[2]R-dtls'!K145 -> 33.48 | R11: ='[2]R-dtls'!M145 -> 2500 | S11: =R_23_DTLS!J109 -> 500 | T11: =S11/R11*100 -> 20 | U11: =R_23_DTLS!L109 -> 2500 | V11: =R_23_DTLS!M109 -> 0 | W11: =V11/U11*100 -> 0 | X11: =U11 -> 2500 | Y11: =R_23_DTLS!P109 -> 2500
A12: 1450000 | B12: MISCELLANEOUS & UNIDENTIFIED REVENUE | C12: 22300 | D12: 18200 | E12: =D12/C12*100 -> 81.61435 | F12: 22300 | G12: 1580 | H12: =G12/F12*100 -> 7.0852018 | I12: ='[1]REV-S'!C12 -> 14200 | J12: ='[1]REV-S'!D12 -> 4310 | K12: =J12/I12*100 -> 30.352113 | L12: ='[1]REV-S'!F12 -> 2800 | M12: ='[2]R-dtls'!G153 -> 0 | N12: =M12/L12*100 -> 0 | O12: ='[2]R-dtls'!I153 -> 0 | P12: ='[2]R-dtls'!J153 -> 80 | Q12: ='[2]R-dtls'!K153 -> 0 | R12: ='[2]R-dtls'!M153 -> 0 | S12: =R_23_DTLS!J114 -> 9300 | T12: 0 | U12: =R_23_DTLS!L114 -> 0 | V12: =R_23_DTLS!M114 -> 0 | W12: 0 | X12: =U12 -> 0 | Y12: =R_23_DTLS!P114 -> 0
A13: TOTAL REVENUE | C13: =SUM(C5:C12) -> 8301043 | D13: =SUM(D5:D12) -> 2435814.3 | E13: =D13/C13*100 -> 29.343473 | F13: =SUM(F6:F12) -> 9122046 | G13: =SUM(G5:G12) -> 3620872.7 | H13: =G13/F13*100 -> 39.693647 | I13: =SUM(I5:I12) -> 11198883 | J13: =SUM(J5:J12) -> 9229499.3 | K13: =J13/I13*100 -> 82.414463 | L13: =SUM(L5:L12) -> 13487198 | M13: =SUM(M5:M12) -> 10142805 | N13: =M13/L13*100 -> 75.203203 | O13: =SUM(O5:O12) -> 13689506 | P13: =SUM(P5:P12) -> 7103927.6 | Q13: =P13/O13*100 -> 51.893236 | R13: =SUM(R5:R12) -> 14254541 | S13: =SUM(S5:S12) -> 12439123 | T13: =S13/R13*100 -> 87.264281 | U13: =SUM(U5:U12) -> 15739541 | V13: =SUM(V5:V12) -> 3093803.1 | W13: =V13/U13*100 -> 19.656247 | X13: =SUM(X5:X12) -> 15739541 | Y13: =SUM(Y5:Y12) -> 16839541
A14: EXPENDITURE PERFORMANCE, (2020-AUGUST 2022 & DRAFT 2023 COMPOSITE BUDGET ESTIMATES)
A15: A/C CODE | B15: EXPENDITURE ITEM | C15: 2017 eSTimates | D15: 2017 Actuals | E15: % Performance Against 2017 Actuals | F15: 2018 Estimates | G15: 2018 Actuals | H15: % Performance Against 2018 Actuals | I15: 2019 Estimates | J15: 2019 Actuals | K15: % Performance Against 2019 Actuals | L15: 2020 Estimates | M15: 2020 Actuals | N15: % Performance Against 2020 Actuals | O15: 2021 Estimates | P15: 2021 Actuals | Q15: % Performance Against 2021 Estimate | R15: 2022 Draft Estimates | S15: 2022 Actuals | T15: % Performance Against 2022 Estimate | U15: 2023 Approved Estimate as @ August 2022 | V15: Actuals as @ May. 2023 | W15: % Performance Against Est. | X15: 2023 Approved Estimate as per Estimate & contracts | Y15: 2023 Review
A16: 2111000 | B16: COMPENSATION OF EMPLOYEES | C16: 1194399 | D16: 360680.2 | E16: =D16/C16*100 -> 30.197631 | F16: 1461085 | G16: 310680.5 | H16: =G16/F16*100 -> 21.263684 | I16: ='[1]EXP-S'!C8 -> 1619965 | J16: 1939683.1 | K16: =J16/I16*100 -> 119.73611 | L16: ='[2]E-dtls'!F23 -> 2572621 | M16: =E_23_DTLS!D17 -> 2517118.2 | N16: =M16/L16*100 -> 97.842557 | O16: ='[1]EXP-S'!I8 -> 2129934 | P16: ='[2]E-dtls'!K23 -> 1466930 | Q16: =P16/O16*100 -> 68.872088 | R16: ='[2]E-dtls'!N23 -> 2458344 | S16: =E_23_DTLS!J17 -> 3579485.9 | T16: =S16/R16*100 -> 145.60558 | U16: =E_23_DTLS!L17 -> 2380215 | V16: =E_23_DTLS!M17 -> 1573659.9 | W16: =V16/U16*100 -> 66.114192 | X16: =E_23_DTLS!O17 -> 2380215 | Y16: =E_23_DTLS!P17 -> 2380215
A17: 2210100 | B17: USE OF GOODS AND SERVICES | C17: 3654348 | D17: 2519890.3 | E17: =D17/C17*100 -> 68.955948 | F17: 4141566 | G17: 2466055.6 | H17: =G17/F17*100 -> 59.544037 | I17: ='[1]EXP-S'!C26 -> 6541918 | J17: 5431634.4 | K17: =J17/I17*100 -> 83.028163 | L17: ='[2]E-dtls'!F135 -> 6806801 | M17: =E_23_DTLS!D121 -> 5543662.9 | N17: =M17/L17*100 -> 81.443 | O17: ='[1]EXP-S'!I26 -> 6564257 | P17: ='[2]E-dtls'!K135 -> 4099499.1 | Q17: =P17/O17*100 -> 62.451838 | R17: ='[2]E-dtls'!N135 -> 6112000 | S17: =E_23_DTLS!J121 -> 6736966.8 | T17: =S17/R17*100 -> 110.22524 | U17: =E_23_DTLS!L121 -> 6296740 | V17: =E_23_DTLS!M121 -> 1391290.4 | W17: =V17/U17*100 -> 22.095408 | X17: =E_23_DTLS!O121 -> 6296740 | Y17: =E_23_DTLS!P121 -> 7669241
A18: 3100000 | B18: CAPEX | C18: 3452296 | D18: 1245177.7 | E18: =D18/C18*100 -> 36.068104 | F18: 3519395 | G18: 424052.5 | H18: =G18/F18*100 -> 12.049017 | I18: 3037000 | J18: 1099116.8 | K18: =J18/I18*100 -> 36.190874 | L18: ='[2]E-dtls'!F152 -> 4107776 | M18: =E_23_DTLS!D136 -> 1870685.2 | N18: =M18/L18*100 -> 45.540097 | O18: ='[1]EXP-S'!I44 -> 4995315 | P18: ='[2]E-dtls'!K152 -> 1506574.1 | Q18: =P18/O18*100 -> 30.159742 | R18: ='[2]E-dtls'!N152 -> 5684197 | S18: =E_23_DTLS!J136 -> 761264.12 | T18: =S18/R18*100 -> 13.392641 | U18: 7062586 | V18: =E_23_DTLS!M136 -> 217775.58 | W18: =V18/U18*100 -> 3.0835105 | X18: =CAPEX_23!O65 -> 10320523 | Y18: =E_23_DTLS!P136 -> 6790085
A19: TOTAL EXPENDITURE | C19: =SUM(C16:C18) -> 8301043 | D19: =SUM(D16:D18) -> 4125748.2 | E19: =D19/C19*100 -> 49.701564 | F19: =SUM(F16:F18) -> 9122046 | G19: =SUM(G16:G18) -> 3200788.6 | H19: =G19/F19*100 -> 35.088494 | I19: =SUM(I16:I18) -> 11198883 | J19: =SUM(J16:J18) -> 8470434.3 | K19: =J19/I19*100 -> 75.636421 | L19: =SUM(L16:L18) -> 13487198 | M19: =SUM(M16:M18) -> 9931466.3 | N19: =M19/L19*100 -> 73.636246 | O19: =SUM(O16:O18) -> 13689506 | P19: =SUM(P16:P18) -> 7073003.3 | Q19: =P19/O19*100 -> 51.667337 | R19: =SUM(R16:R18) -> 14254541 | S19: =SUM(S16:S18) -> 11077717 | T19: =S19/R19*100 -> 77.713599 | U19: =SUM(U16:U18) -> 15739541 | V19: =SUM(V16:V18) -> 3182725.9 | W19: =V19/U19*100 -> 20.221212 | X19: =SUM(X16:X18) -> 18997478 | Y19: =SUM(Y16:Y18) -> 16839541
A20: BUDGET DEFICIT/SURPLUS | C20: =C13-C19 -> 0 | D20: =D13-D19 -> -1689933.9 | E20: 0 | F20: =F13-F19 -> 0 | G20: =G13-G19 -> 420084.1 | H20: 0 | I20: =I13-I19 -> 0 | J20: =J13-J19 -> 759065.02 | K20: 0 | L20: =L13-L19 -> 0 | M20: =M13-M19 -> 211338.57 | N20: 0 | O20: =O13-O19 -> 0 | P20: =P13-P19 -> 30924.372 | Q20: 0 | R20: =R13-R19 -> 0 | S20: =S13-S19 -> 1361405.9 | T20: 0 | U20: =U13-U19 -> 0 | V20: =V13-V19 -> -88922.8 | X20: =X13-X19 -> -3257937.1 | Y20: =Y13-Y19 -> 0.0029999986

Sheet R_23_DTLS
A1: ELLEMBELLE DISTRICT ASSEMBLY
A2: REVENUE PERFORMANCE DETAILS (2020-AUGUST 2022) AND 2023 PROPOSED REVENUE ESTIMATES
A3: NATURAL ACCOUNT | B3: REVENUE ITEMS | C3: 2020 Estimates | D3: 2020 Actuals | E3: % Performance Against 2020 Actuals | F3: 2021 Estimates | G3: Actuals 2021 | H3: % Performance Against 2021 Estimate | I3: 2022 Draft Estimates | J3: Actuals as @ Dec.. 2022 | K3: % Performance Against Dec. 2022 | L3: 2023 Approved Estimate as @ August 2022 | M3: Actuals as @ May 2023 | N3: % Performance Against Est. | O3: 2023 Approved Estimate as per Estimate & contracts | P3: 2023 Review
B4: RATES
A5: 1412022 | B5: Property Rate | C5: 2607000 | D5: 2608549.2 | E5: =D5/C5*100 -> 100.05942 | F5: 2700000 | G5: 2032551.6 | H5: =G5/F5*100 -> 75.279687 | I5: =[2]Rev_Just_22!F3 -> 2700000 | J5: 3374572.1 | K5: =J5/I5*100 -> 124.98415 | L5: 3800000 | M5: 0 | N5: =M5/L5*100 -> 0 | O5: =L5 -> 3800000 | P5: =L5 -> 3800000
A6: 1412023 | B6: Basic Rate | C6: 5500 | D6: 500 | E6: =D6/C6*100 -> 9.0909091 | F6: 5000 | G6: 317 | H6: =G6/F6*100 -> 6.34 | I6: =[2]Rev_Just_22!F4 -> 5000 | J6: 68 | K6: =J6/I6*100 -> 1.36 | L6: 5000 | M6: 3455 | N6: =M6/L6*100 -> 69.1 | O6: =L6 -> 5000 | P6: =L6 -> 5000
A7: 1412024 | B7: Unassessed Rate | C7: 27500 | D7: - | F7: 27500 | G7: 0 | H7: =G7/F7*100 -> 0 | I7: =[2]Rev_Just_22!F5 -> 27500 | J7: 0 | K7: =J7/I7*100 -> 0 | L7: 27500 | M7: 0 | N7: =M7/L7*100 -> 0 | O7: =L7 -> 27500 | P7: =L7 -> 27500
C8: =SUM(C5:C7) -> 2640000 | D8: =SUM(D5:D7) -> 2609049.2 | E8: =D8/C8*100 -> 98.827621 | F8: =SUM(F5:F7) -> 2732500 | G8: =SUM(G5:G7) -> 2032868.6 | H8: =G8/F8*100 -> 74.395922 | I8: =SUM(I5:I7) -> 2732500 | J8: =SUM(J5:J7) -> 3374640.1 | K8: =J8/I8*100 -> 123.50009 | L8: =SUM(L5:L7) -> 3832500 | M8: =SUM(M5:M7) -> 3455 | N8: =M8/L8*100 -> 0.090150033 | O8: =SUM(O5:O7) -> 3832500 | P8: =SUM(P5:P7) -> 3832500
A9: 13310 | B9: GRANTS
A10: 1331001 | B10: Central Govt.-GOG Paid Salaries | C10: 2009985 | D10: 2072471.4 | E10: =D10/C10*100 -> 103.1088 | F10: 2038974 | G10: 1217628.3 | H10: =G10/F10*100 -> 59.717696 | I10: =[2]Rev_Just_22!F9 -> 2548672 | J10: 3234849.6 | K10: =J10/I10*100 -> 126.92295 | L10: 2239782 | M10: 1433535.9 | N10: =M10/L10*100 -> 64.003366 | O10: =L10 -> 2239782 | P10: =L10 -> 2239782
A11: 1331002 | B11: DACF-Assembly | C11: 3640087 | D11: 2174360.5 | E11: =D11/C11*100 -> 59.73375 | F11: 3564374 | G11: 827425.83 | H11: =G11/F11*100 -> 23.213777 | I11: 4112940 | J11: 1863153.5 | K11: =J11/I11*100 -> 45.299797 | L11: 3962000 | M11: 276345.37 | N11: =M11/L11*100 -> 6.9748958 | O11: =L11 -> 3962000 | P11: =L11 -> 3962000
A12: 1331002 | B12: DACF-PWD | C12: 74287 | D12: 42374.7 | E12: =D12/C12*100 -> 57.041878 | F12: 110000 | G12: 25590.48 | H12: =G12/F12*100 -> 23.264073 | I12: 125000 | J12: 0 | K12: =J12/I12*100 -> 0 | L12: 160000 | M12: 0 | N12: =M12/L12*100 -> 0 | O12: =L12 -> 160000 | P12: =L12 -> 160000
A13: 1331003 | B13: DACF-MP | C13: 650000 | D13: 361412.27 | E13: =D13/C13*100 -> 55.601888 | F13: 600000 | G13: 294652.07 | H13: =G13/F13*100 -> 49.108678 | I13: =[2]Rev_Just_22!F11 -> 400000 | J13: 461077.15 | K13: =J13/I13*100 -> 115.26929 | L13: 512222 | M13: 0 | N13: =M13/L13*100 -> 0 | O13: =L13 -> 512222 | P13: =L13 -> 512222
A14: 1331008 | B14: Other Donors Support Transfers | C14: 134993 | D14: 474744.01 | E14: =D14/C14*100 -> 351.68046 | F14: 666761 | G14: 122686.46 | H14: =G14/F14*100 -> 18.400365 | I14: 96434 | J14: 288458.04 | K14: =J14/I14*100 -> 299.12483 | L14: 399537 | M14: 47294.33 | N14: =M14/L14*100 -> 11.837284 | O14: =L14 -> 399537 | P14: 1499537 | Q14: ↑
A15: 1331009 | B15: Goods and Services-Decentralied departments | C15: 67917 | D15: 72586.99 | E15: =D15/C15*100 -> 106.87603 | F15: 76087 | G15: 47279.66 | H15: =G15/F15*100 -> 62.138946 | I15: 221182 | J15: 0 | K15: =J15/I15*100 -> 0 | L15: 81000 | M15: 20636.51 | N15: =M15/L15*100 -> 25.477173 | O15: =L15 -> 81000 | P15: =L15 -> 81000
A16: 1331010 | B16: DACF-RFG_Capacity Building | C16: 69231 | D16: 64664.31 | E16: =D16/C16*100 -> 93.403692 | F16: 48856 | G16: 45859 | H16: =G16/F16*100 -> 93.865646 | I16: 45859 | J16: 45859 | K16: =J16/I16*100 -> 100 | L16: 55000 | M16: 0 | N16: =M16/L16*100 -> 0 | O16: =L16 -> 55000 | P16: =L16 -> 55000
A17: 1331011 | B17: DACF-RFG_Investment | C17: 1240698 | D17: 79238.77 | E17: =D17/C17*100 -> 6.3866283 | F17: 584454 | G17: 1066424 | H17: =G17/F17*100 -> 182.465 | I17: 904454 | J17: 1128639.3 | K17: =J17/I17*100 -> 124.78681 | L17: 1330000 | M17: 0 | N17: =M17/L17*100 -> 0 | O17: =L17 -> 1330000 | P17: =L17 -> 1330000
C18: =SUM(C10:C17) -> 7887198 | D18: =SUM(D10:D17) -> 5341853 | E18: =D18/C18*100 -> 67.728146 | F18: =SUM(F10:F17) -> 7689506 | G18: =SUM(G10:G17) -> 3647545.8 | H18: =G18/F18*100 -> 47.435372 | I18: =SUM(I10:I17) -> 8454541 | J18: =SUM(J10:J17) -> 7022036.5 | K18: =J18/I18*100 -> 83.05639 | L18: =SUM(L10:L17) -> 8739541 | M18: =SUM(M10:M17) -> 1777812.1 | N18: =M18/L18*100 -> 20.342168 | O18: =SUM(O10:O17) -> 8739541 | P18: =SUM(P10:P17) -> 9839541
A19: 1412000 | B19: LANDS & ROYALTIES
A20: 1412001 | B20: Mineral Royalties | C20: 1000000 | D20: 490203 | E20: =D20/C20*100 -> 49.0203 | F20: 1000000 | G20: 294584 | H20: =G20/F20*100 -> 29.4584 | I20: 1000000 | J20: 739232 | K20: =J20/I20*100 -> 73.9232 | L20: 800000 | M20: 0 | N20: =M20/L20*100 -> 0 | O20: =L20 -> 800000 | P20: =L20 -> 800000
A21: 1412003 | B21: Stool Land Revenue | C21: 800000 | D21: 657125 | E21: =D21/C21*100 -> 82.140625 | F21: 800000 | G21: 276838.02 | H21: =G21/F21*100 -> 34.604753 | I21: 600000 | J21: 715353 | K21: =J21/I21*100 -> 119.2255 | L21: 800000 | M21: 209848 | N21: =M21/L21*100 -> 26.231 | O21: =L21 -> 800000 | P21: =L21 -> 800000
A22: 1412004 | B22: Sale of Building Permit Jacket | C22: 4800 | D22: 8250 | E22: =D22/C22*100 -> 171.875 | F22: 20000 | G22: 1700 | H22: =G22/F22*100 -> 8.5 | I22: =[2]Rev_Just_22!F36 -> 20000 | J22: 21040 | K22: =J22/I22*100 -> 105.2 | L22: 20000 | M22: 14881.75 | N22: =M22/L22*100 -> 74.40875 | O22: =L22 -> 20000 | P22: =L22 -> 20000
A23: 1412007 | B23: Building Plans/Permit | C23: 162400 | D23: 113512.36 | E23: =D23/C23*100 -> 69.896773 | F23: 359500 | G23: 181308.6 | H23: =G23/F23*100 -> 50.433547 | I23: 371190 | J23: 65070 | K23: =J23/I23*100 -> 17.530106 | L23: 357243 | M23: 20103 | N23: =M23/L23*100 -> 5.6272621 | O23: =L23 -> 357243 | P23: =L23 -> 357243
A24: 1412009 | B24: Comm. Mast Permit | C24: 14000 | D24: 19200 | E24: =D24/C24*100 -> 137.14286 | F24: 143500 | G24: 6400 | H24: =G24/F24*100 -> 4.4599303 | I24: =[2]Rev_Just_22!F38 -> 120000 | J24: 39431.66 | K24: =J24/I24*100 -> 32.859717 | L24: 70000 | M24: 0 | N24: =M24/L24*100 -> 0 | O24: =L24 -> 70000 | P24: =L24 -> 70000
C25: =SUM(C20:C24) -> 1981200 | D25: =SUM(D20:D24) -> 1288290.4 | E25: =D25/C25*100 -> 65.02576 | F25: =SUM(F20:F24) -> 2323000 | G25: =SUM(G20:G24) -> 760830.62 | H25: =G25/F25*100 -> 32.752071 | I25: =SUM(I20:I24) -> 2111190 | J25: =SUM(J20:J24) -> 1580126.7 | K25: =J25/I25*100 -> 74.845308 | L25: =SUM(L20:L24) -> 2047243 | M25: =SUM(M20:M24) -> 244832.75 | N25: =M25/L25*100 -> 11.959145 | O25: =SUM(O20:O24) -> 2047243 | P25: =SUM(P20:P24) -> 2047243
A26: 1415000 | B26: RENT
A27: 1415008 | B27: Investment Income | C27: 5000 | D27: 2957.35 | E27: =D27/C27*100 -> 59.147 | F27: 0 | G27: 0 | H27: 0 | I27: =[2]Rev_Just_22!F42 -> 6000 | J27: 0 | K27: =J27/I27*100 -> 0 | L27: 30000 | M27: 0 | N27: =M27/L27*100 -> 0 | O27: =L27 -> 30000 | P27: =L27 -> 30000
A28: 1415038 | B28: Rental of Facilities | C28: 1500 | D28: 14467 | E28: =D28/C28*100 -> 964.46667 | F28: 4000 | G28: 3320 | H28: =G28/F28*100 -> 83 | I28: 4000 | J28: 0 | K28: =J28/I28*100 -> 0 | L28: 1000 | M28: 0 | N28: =M28/L28*100 -> 0 | O28: =L28 -> 1000 | P28: =L28 -> 1000
A29: 1415041 | B29: Housing Rent | C29: 2500 | D29: 1000 | E29: =D29/C29*100 -> 40 | F29: 2500 | G29: 900 | H29: =G29/F29*100 -> 36 | I29: =[2]Rev_Just_22!F48 -> 1460 | J29: 3120 | K29: =J29/I29*100 -> 213.69863 | L29: 1000 | M29: 9647 | N29: =M29/L29*100 -> 964.7 | O29: =L29 -> 1000 | P29: =L29 -> 1000
A30: 1415052 | B30: Markets and Stores Rentals | C30: 8000 | D30: 5765 | E30: =D30/C30*100 -> 72.0625 | F30: 6000 | G30: 7460 | H30: =G30/F30*100 -> 124.33333 | I30: 6000 | J30: 19782 | K30: =J30/I30*100 -> 329.7 | L30: 20000 | M30: 9110 | N30: =M30/L30*100 -> 45.55 | O30: =L30 -> 20000 | P30: =L30 -> 20000
C31: =SUM(C27:C30) -> 17000 | D31: =SUM(D27:D30) -> 24189.35 | E31: =D31/C31*100 -> 142.29029 | F31: =SUM(F27:F30) -> 12500 | G31: =SUM(G27:G30) -> 11680 | H31: =G31/F31*100 -> 93.44 | I31: =SUM(I27:I30) -> 17460 | J31: =SUM(J27:J30) -> 22902 | K31: =J31/I31*100 -> 131.16838 | L31: =SUM(L27:L30) -> 52000 | M31: =SUM(M27:M30) -> 18757 | N31: =M31/L31*100 -> 36.071154 | O31: =SUM(O27:O30) -> 52000 | P31: =SUM(P27:P30) -> 52000
A32: NATURAL ACCOUNT | B32: REVENUE ITEMS | C32: 2020 Estimates | D32: 2020 Actuals | E32: % Performance Against 2020 Actuals | F32: 2021 Estimates | G32: Actuals 2021 | H32: % Performance Against 2021 Estimate | I32: 2022 Draft Estimates | J32: Actuals as @ Dec.. 2022 | K32: % Performance Against Dec. 2022 | L32: 2023 Approved Estimate as @ August 2022 | M32: Actuals as @ May 2023 | N32: % Performance Against Est. | O32: 2023 Approved Estimate as per Estimate & contracts | P32: 2023 Review
A33: 1422000 | B33: LICENCES
A34: 1422003 | B34: Hawkers | C34: 1000 | D34: 850 | E34: =D34/C34*100 -> 85 | F34: 1250 | G34: 817 | H34: =G34/F34*100 -> 65.36 | I34: 1350 | J34: 0 | K34: =J34/I34*100 -> 0 | L34: 1500 | M34: 0 | N34: =M34/L34*100 -> 0 | O34: =L34 -> 1500 | P34: =L34 -> 1500
A35: 1422005 | B35: Chop Bars/Rest | C35: 6000 | D35: 4780 | E35: =D35/C35*100 -> 79.666667 | F35: 6000 | G35: 3605 | H35: =G35/F35*100 -> 60.083333 | I35: 4000 | J35: 1000 | K35: =J35/I35*100 -> 25 | L35: 4000 | M35: 450 | N35: =M35/L35*100 -> 11.25 | O35: =L35 -> 4000 | P35: =L35 -> 4000
A36: 1422009 | B36: Bakeries/Bakers | C36: 1200 | D36: 1105 | E36: =D36/C36*100 -> 92.083333 | F36: 1200 | G36: 1120 | H36: =G36/F36*100 -> 93.333333 | I36: 1200 | J36: 1250 | K36: =J36/I36*100 -> 104.16667 | L36: 1200 | M36: 1950 | N36: =M36/L36*100 -> 162.5 | O36: =L36 -> 1200 | P36: =L36 -> 1200
A37: 1422011 | B37: Artisian/Self Employed | C37: 15000 | D37: 13279 | E37: =D37/C37*100 -> 88.526667 | F37: 15000 | G37: 9726 | H37: =G37/F37*100 -> 64.84 | I37: 15000 | J37: 14437 | K37: =J37/I37*100 -> 96.246667 | L37: 30000 | M37: 4857 | N37: =M37/L37*100 -> 16.19 | O37: =L37 -> 30000 | P37: =L37 -> 30000
A38: 1422013 | B38: Sand and Stone Conts. License | C38: 1000 | D38: 790 | E38: =D38/C38*100 -> 79 | F38: 3000 | G38: 2630 | H38: =G38/F38*100 -> 87.666667 | I38: 3500 | J38: 0 | K38: =J38/I38*100 -> 0 | L38: 4000 | M38: 0 | N38: =M38/L38*100 -> 0 | O38: =L38 -> 4000 | P38: =L38 -> 4000
A39: 1422014 | B39: Charcoal / Firewood Dealers | C39: 500 | D39: 314 | E39: =D39/C39*100 -> 62.8 | F39: 500 | G39: 340 | H39: =G39/F39*100 -> 68 | I39: 500 | J39: 429 | K39: =J39/I39*100 -> 85.8 | L39: 500 | M39: 5000 | N39: =M39/L39*100 -> 1000 | O39: =L39 -> 500 | P39: =L39 -> 500
A40: 1422016 | B40: Lottery Business | C40: 800 | D40: 615 | E40: =D40/C40*100 -> 76.875 | F40: 800 | G40: 550 | H40: =G40/F40*100 -> 68.75 | I40: 800 | J40: 600 | K40: =J40/I40*100 -> 75 | L40: 800 | M40: 1500 | N40: =M40/L40*100 -> 187.5 | O40: =L40 -> 800 | P40: =L40 -> 800
A41: 1422017 | B41: Hotels/Night Clubs | C41: 11250 | D41: 10000 | E41: =D41/C41*100 -> 88.888889 | F41: 11250 | G41: 10300 | H41: =G41/F41*100 -> 91.555556 | I41: 11250 | J41: 16532 | K41: =J41/I41*100 -> 146.95111 | L41: 20000 | M41: 3260 | N41: =M41/L41*100 -> 16.3 | O41: =L41 -> 20000 | P41: =L41 -> 20000
A42: 1422018 | B42: Pharm/Chem | C42: 5400 | D42: 4011 | E42: =D42/C42*100 -> 74.277778 | F42: 5400 | G42: 4155 | H42: =G42/F42*100 -> 76.944444 | I42: 5000 | J42: 4640 | K42: =J42/I42*100 -> 92.8 | L42: 5000 | M42: 4550 | N42: =M42/L42*100 -> 91 | O42: =L42 -> 5000 | P42: =L42 -> 5000
A43: 1422020 | B43: Taxicab / Commercial Vehicles | C43: 8000 | D43: 7500 | E43: =D43/C43*100 -> 93.75 | F43: 8500 | G43: 6000 | H43: =G43/F43*100 -> 70.588235 | I43: 6000 | J43: 1450 | K43: =J43/I43*100 -> 24.166667 | L43: 3000 | M43: 800 | N43: =M43/L43*100 -> 26.666667 | O43: =L43 -> 3000 | P43: =L43 -> 3000
A44: 1422021 | B44: Companies / Business Operational Fee | C44: 420000 | D44: 433844.36 | E44: =D44/C44*100 -> 103.29628 | F44: 440000 | G44: 262247.76 | H44: =G44/F44*100 -> 59.601764 | I44: 476100 | J44: 190832.78 | K44: =J44/I44*100 -> 40.082499 | L44: 450000 | M44: 871919.24 | N44: =M44/L44*100 -> 193.75983 | O44: =L44 -> 450000 | P44: =L44 -> 450000
A45: 1422022 | B45: Hiring of Canopies/Chairs / Bench | C45: 600 | D45: 150 | E45: =D45/C45*100 -> 25 | F45: 600 | G45: 530 | H45: =G45/F45*100 -> 88.333333 | I45: 600 | J45: 0 | K45: =J45/I45*100 -> 0 | L45: 600 | M45: 0 | N45: =M45/L45*100 -> 0 | O45: =L45 -> 600 | P45: =L45 -> 600
... A85: 1422148 | B85: Printing Services | C85: 1600 | D85: 1000 | E85: =D85/C85*100 -> 62.5 | F85: 1200 | G85: 800 | H85: =G85/F85*100 -> 66.666667 | I85: 1200 | J85: 605 | K85: =J85/I85*100 -> 50.416667 | L85: 1200 | M85: 0 | N85: =M85/L85*100 -> 0 | O85: =L85 -> 1200 | P85: =L85 -> 1200
C86: =SUM(C34:C85) -> 746750 | D86: =SUM(D34:D85) -> 703169.36 | E86: =D86/C86*100 -> 94.163958 | F86: =SUM(F34:F85) -> 708200 | G86: =SUM(G34:G85) -> 428450.76 | H86: =G86/F86*100 -> 60.498554 | I86: =SUM(I34:I85) -> 735050 | J86: =SUM(J34:J85) -> 315103.92 | K86: =J86/I86*100 -> 42.868365 | L86: =SUM(L34:L85) -> 761750 | M86: =SUM(M34:M85) -> 1000550.2 | N86: =M86/L86*100 -> 131.3489 | O86: =SUM(O34:O85) -> 761750 | P86: =SUM(P34:P85) -> 761750
A87: 14230 | B87: FEES
A88: 1423001 | B88: Markets Toll | C88: 106000 | D88: 101500 | E88: =D88/C88*100 -> 95.754717 | F88: 76500 | G88: 119000 | H88: =G88/F88*100 -> 155.55556 | I88: 76000 | J88: 79523.5 | K88: =J88/I88*100 -> 104.63618 | L88: 140000 | M88: 26656 | N88: =M88/L88*100 -> 19.04 | O88: =L88 -> 140000 | P88: =L88 -> 140000
A89: 1423005 | B89: Registration of Contractors | C89: 3300 | D89: 2000 | E89: =D89/C89*100 -> 60.606061 | F89: 3300 | G89: 1500 | H89: =G89/F89*100 -> 45.454545 | I89: 3300 | J89: 0 | K89: =J89/I89*100 -> 0 | L89: 3300 | M89: 0 | N89: =M89/L89*100 -> 0 | O89: =L89 -> 3300 | P89: =L89 -> 3300
A90: 1423006 | B90: Burial Fee | C90: 5000 | D90: 4000 | E90: =D90/C90*100 -> 80 | F90: 5000 | G90: 3500 | H90: =G90/F90*100 -> 70 | I90: 5000 | J90: 500 | K90: =J90/I90*100 -> 10 | L90: 5000 | M90: 0 | N90: =M90/L90*100 -> 0 | O90: =L90 -> 5000 | P90: =L90 -> 5000
A91: 1423007 | B91: Impounding of Animals/Pounds | C91: 1800 | D91: 950 | E91: =D91/C91*100 -> 52.777778 | F91: 1200 | G91: 1000 | H91: =G91/F91*100 -> 83.333333 | I91: 1500 | J91: 0 | K91: =J91/I91*100 -> 0 | L91: 1500 | M91: 0 | N91: =M91/L91*100 -> 0 | O91: =L91 -> 1500 | P91: =L91 -> 1500
A92: 1423008 | B92: Entertainment Fee & Road Blocks | C92: 1000 | D92: 200 | E92: =D92/C92*100 -> 20 | F92: 500 | G92: 100 | H92: =G92/F92*100 -> 20 | I92: 1000 | J92: 0 | K92: =J92/I92*100 -> 0 | L92: 1000 | M92: 0 | N92: =M92/L92*100 -> 0 | O92: =L92 -> 1000 | P92: =L92 -> 1000
A93: 1423009 | B93: Advertisement/Bill Boards | C93: 1000 | D93: 800 | E93: =D93/C93*100 -> 80 | F93: 500 | G93: 120 | H93: =G93/F93*100 -> 24 | I93: 1000 | J93: 0 | K93: =J93/I93*100 -> 0 | L93: 1000 | M93: 0 | N93: =M93/L93*100 -> 0 | O93: =L93 -> 1000 | P93: =L93 -> 1000
A94: 1423011 | B94: Marriage/Divorce Registration | C94: 2000 | D94: 3285 | E94: =D94/C94*100 -> 164.25 | F94: 3300 | G94: 1805 | H94: =G94/F94*100 -> 54.69697 | I94: 2500 | J94: 2059 | K94: =J94/I94*100 -> 82.36 | L94: 2500 | M94: 665 | N94: =M94/L94*100 -> 26.6 | O94: =L94 -> 2500 | P94: =L94 -> 2500
A95: 1423014 | B95: Dislodging Fee | C95: 4000 | D95: 3500 | E95: =D95/C95*100 -> 87.5 | F95: 4000 | G95: 3000 | H95: =G95/F95*100 -> 75 | I95: 4000 | J95: 450 | K95: =J95/I95*100 -> 11.25 | L95: 4000 | M95: 0 | N95: =M95/L95*100 -> 0 | O95: =L95 -> 4000 | P95: =L95 -> 4000
A96: 1423018 | B96: Loading Fee | C96: 40000 | D96: 32398.6 | E96: =D96/C96*100 -> 80.9965 | F96: 55000 | G96: 49432 | H96: =G96/F96*100 -> 89.876364 | I96: 30000 | J96: 28681 | K96: =J96/I96*100 -> 95.603333 | L96: 30000 | M96: 7075 | N96: =M96/L96*100 -> 23.583333 | O96: =L96 -> 30000 | P96: =L96 -> 30000
A97: 1423078 | B97: Business registration | C97: 3350 | D97: 4180 | E97: =D97/C97*100 -> 124.77612 | F97: 6000 | G97: 5720 | H97: =G97/F97*100 -> 95.333333 | I97: 6000 | J97: 750 | K97: =J97/I97*100 -> 12.5 | L97: 40000 | M97: 1740 | N97: =M97/L97*100 -> 4.35 | O97: =L97 -> 40000 | P97: =L97 -> 40000
A98: 1423086 | B98: Car Stickers | C98: 8000 | D98: 1080 | E98: =D98/C98*100 -> 13.5 | F98: 8000 | G98: 150 | H98: =G98/F98*100 -> 1.875 | I98: 8000 | J98: 0 | K98: =J98/I98*100 -> 0 | L98: 8000 | M98: 0 | N98: =M98/L98*100 -> 0 | O98: =L98 -> 8000 | P98: =L98 -> 8000
A99: 1423367 | B99: Lorry Parks/Entry Fees | C99: 10000 | D99: 5720 | E99: =D99/C99*100 -> 57.2 | F99: 10000 | G99: 4347.9 | H99: =G99/F99*100 -> 43.479 | I99: 10000 | J99: 0 | K99: =J99/I99*100 -> 0 | L99: 13707 | M99: 0 | N99: =M99/L99*100 -> 0 | O99: =L99 -> 13707 | P99: =L99 -> 13707
... A105: 1423527 | B105: Approved Transfers of Stall &Stores | C105: 500 | D105: 150 | E105: =D105/C105*100 -> 30 | F105: 500 | G105: 80 | H105: =G105/F105*100 -> 16 | I105: 500 | J105: 0 | K105: =J105/I105*100 -> 0 | L105: 1500 | M105: 0 | N105: =M105/L105*100 -> 0 | O105: =L105 -> 1500 | P105: =L105 -> 1500
C106: =SUM(C88:C105) -> 208250 | D106: =SUM(D88:D105) -> 175213.6 | E106: =D106/C106*100 -> 84.136182 | F106: =SUM(F88:F105) -> 221300 | G106: =SUM(G88:G105) -> 221714.9 | H106: =G106/F106*100 -> 100.18748 | I106: =SUM(I88:I105) -> 201300 | J106: =SUM(J88:J105) -> 114513.5 | K106: =J106/I106*100 -> 56.886985 | L106: =SUM(L88:L105) -> 304007 | M106: =SUM(M88:M105) -> 48396 | N106: =M106/L106*100 -> 15.91937 | O106: =SUM(O88:O105) -> 304007 | P106: =SUM(P88:P105) -> 304007
A107: 14300 | B107: FINES
A108: 1430016 | B108: Spot Fine | C108: 4000 | D108: 1040 | E108: =D108/C108*100 -> 26 | F108: 2500 | G108: 837 | H108: =G108/F108*100 -> 33.48 | I108: 2500 | J108: 500 | K108: =J108/I108*100 -> 20 | L108: 2500 | M108: 0 | N108: =M108/L108*100 -> 0 | O108: =L108 -> 2500 | P108: =L108 -> 2500
C109: =SUM(C108:C108) -> 4000 | D109: =SUM(D108:D108) -> 1040 | E109: =D109/C109*100 -> 26 | F109: =SUM(F108:F108) -> 2500 | G109: =SUM(G108:G108) -> 837 | H109: =G109/F109*100 -> 33.48 | I109: =SUM(I108:I108) -> 2500 | J109: =SUM(J108) -> 500 | K109: =J109/I109*100 -> 20 | L109: =SUM(L108:L108) -> 2500 | M109: =SUM(M108:M108) -> 0 | N109: =M109/L109*100 -> 0 | O109: =L109 -> 2500 | P109: =L109-M109 -> 2500
A110: 14500 | B110: MISCELLANEOUS
A111: 1450004 | B111: Recovery of Overpayment in Previous years | C111: 500 | D111: 0 | E111: 0 | F111: 0 | G111: 0 | H111: 0 | I111: 0 | J111: 0 | K111: 0 | L111: 0 | M111: 0 | N111: 0 | O111: =L111 -> 0 | P111: =L111 -> 0
A112: 1450006 | B112: Redemption of Other Loans and Advances | C112: 1500 | D112: 0 | E112: 0 | F112: 0 | G112: 0 | H112: 0 | I112: 0 | J112: 9300 | K112: 0 | L112: 0 | M112: 0 | N112: 0 | O112: =L112 -> 0 | P112: =L112 -> 0
A113: 1450281 | B113: Environmental Health/Safety/ Sanitation | C113: 800 | D113: 0 | E113: 0 | F113: 0 | G113: 0 | H113: 0 | I113: 0 | J113: 0 | K113: 0 | L113: 0 | M113: 0 | N113: 0 | O113: =L113 -> 0 | P113: =L113 -> 0
C114: =SUM(C111:C113) -> 2800 | D114: =SUM(D111:D113) -> 0 | E114: =D114/C114*100 -> 0 | F114: =SUM(F111:F113) -> 0 | G114: =SUM(G111:G113) -> 0 | H114: 0 | I114: =SUM(I111:I113) -> 0 | J114: =SUM(J111:J113) -> 9300 | K114: =SUM(K111:K113) -> 0 | L114: =SUM(L111:L113) -> 0 | M114: =SUM(M111:M113) -> 0 | N114: 0 | O114: =SUM(O111:O113) -> 0 | P114: =SUM(P111:P113) -> 0
B115: Sub-total IGF (local+stool/mdf) | C115: =SUM(C114,C109,C106,C86,C31,C25,C8) -> 5600000 | D115: =SUM(D114,D109,D106,D86,D31,D25,D8) -> 4800951.9 | E115: =D115/C115*100 -> 85.731283 | F115: =SUM(F114,F109,F106,F86,F31,F25,F8) -> 6000000 | G115: =SUM(G114,G109,G106,G86,G31,G25,G8) -> 3456381.8 | H115: =G115/F115*100 -> 57.606364 | I115: =SUM(I114,I109,I106,I86,I31,I25,I8) -> 5800000 | J115: =SUM(J114,J109,J106,J86,J31,J25,J8) -> 5417086.2 | K115: =J115/I115*100 -> 93.398037 | L115: =SUM(L114,L109,L106,L86,L31,L25,L8) -> 7000000 | M115: =SUM(M114,M109,M106,M86,M31,M25,M8) -> 1315991 | N115: =M115/L115*100 -> 18.799871 | O115: =SUM(O114,O109,O106,O86,O31,O25,O8) -> 7000000 | P115: =SUM(P114,P109,P106,P86,P31,P25,P8) -> 7000000
B116: Sub-total IGF (local) | C116: =C115-C20-C21 -> 3800000 | D116: =D115-D20-D21 -> 3653623.9 | E116: =D116/C116*100 -> 96.147997 | F116: =F115-F20-F21 -> 4200000 | G116: =G115-G20-G21 -> 2884959.8 | H116: =G116/F116*100 -> 68.68952 | I116: =I115-I20-I21 -> 4200000 | J116: =J115-J20-J21 -> 3962501.2 | K116: =J116/I116*100 -> 94.345265 | L116: =L115-L20-L21 -> 5400000 | M116: =M115-M20-M21 -> 1106143 | N116: =M116/L116*100 -> 20.484129 | O116: =O115-O20-O21 -> 5400000 | P116: =P115-P20-P21 -> 5400000
B117: TOTAL REVENUE | C117: =C115+C18 -> 13487198 | D117: =D115+D18 -> 10142805 | E117: =D117/C117*100 -> 75.203203 | F117: =F115+F18 -> 13689506 | G117: =G115+G18 -> 7103927.6 | H117: =G117/F117*100 -> 51.893236 | I117: =I115+I18 -> 14254541 | J117: =J115+J18 -> 12439123 | K117: =J117/I117*100 -> 87.264281 | L117: =L115+L18 -> 15739541 | M117: =M115+M18 -> 3093803.1 | N117: =M117/L117*100 -> 19.656247 | O117: =O115+O18 -> 15739541 | P117: =P115+P18 -> 16839541

Sheet E_23_DTLS
A1: ELLEMBELLE DISTRICT ASSEMBLY
A2: EXPENDITURE PERFORMANCE DETAILS (2020-AUGUST 2022) AND 2023 PROPOSED EXPENDITURE ESTIMATES
A3: NATURAL ACCOUNT | B3: EXPENDITURE ITEMS | C3: 2020 Estimates | D3: 2020 Actuals | E3: % Performance Against 2020 Actuals | F3: 2021 Estimates | G3: 2021 Actuals | H3: % Performance Against 2021 Estimate | I3: 2022 Draft Estimates | J3: Actuals as @ Dec. 2022 | K3: % Performance Against Dec. 2022 | L3: 2023 Approved Estimate as @ August 2022 | M3: Actuals as @ May. 2023 | N3: % Performance Against Est. | O3: 2023 Approved Estimate as per Actual Contract sums | P3: 2023 Review
A4: 2111001 | B4: Salary & Wages (Gov't) | C4: 2009985 | D4: 2072471.4 | E4: =D4/C4*100 -> 103.1088 | F4: 1731391 | G4: 1217628.3 | H4: =G4/F4*100 -> 70.326592 | I4: 2059355 | J4: 3234849.6 | K4: =J4/I4*100 -> 157.08072 | L4: 1907993 | M4: 1436395.7 | N4: =M4/L4*100 -> 75.283069 | O4: =L4 -> 1907993 | P4: =O4 -> 1907993
A5: 2111102 | B5: Salary & Wages (Assembly) | C5: 240000 | D5: 215669.5 | E5: =D5/C5*100 -> 89.862292 | F5: 204989 | G5: 186128.79 | H5: =G5/F5*100 -> 90.799404 | I5: 204989 | J5: 292276.4 | K5: =J5/I5*100 -> 142.5815 | L5: 274533 | M5: 71065.37 | N5: =M5/L5*100 -> 25.885912 | O5: =L5 -> 274533 | P5: =O5 -> 274533
C6: =SUM(C4:C5) -> 2249985 | D6: =SUM(D4:D5) -> 2288141 | E6: =D6/C6*100 -> 101.69583 | F6: =SUM(F4:F5) -> 1936380 | G6: =SUM(G4:G5) -> 1403757.1 | H6: =G6/F6*100 -> 72.493884 | I6: =SUM(I4:I5) -> 2264344 | J6: =SUM(J4:J5) -> 3527126 | K6: =J6/I6*100 -> 155.76812 | L6: =SUM(L4:L5) -> 2182526 | M6: =SUM(M4:M5) -> 1507461 | N6: =M6/L6*100 -> 69.069557 | O6: =SUM(O4:O5) -> 2182526 | P6: =SUM(P4:P5) -> 2182526
A7: 2111200 | B7: OTHER ALLOWANCES
A8: 2111208 | B8: Funeral Grants | C8: 21000 | D8: 13462 | E8: =D8/C8*100 -> 64.104762 | F8: 10000 | G8: 10922 | H8: =G8/F8*100 -> 109.22 | I8: 10000 | J8: 10092.97 | K8: =J8/I8*100 -> 100.9297 | L8: 30000 | M8: 0 | N8: =M8/L8*100 -> 0 | O8: =L8 -> 30000 | P8: =O8 -> 30000
A9: 2111238 | B9: Overtime Allowance | C9: 12000 | D9: 5000 | E9: =D9/C9*100 -> 41.666667 | F9: 12000 | G9: 6000 | H9: =G9/F9*100 -> 50 | I9: 12000 | J9: 0 | K9: =J9/I9*100 -> 0 | L9: 12000 | M9: 0 | N9: =M9/L9*100 -> 0 | O9: =L9 -> 12000 | P9: =O9 -> 12000
A10: 2111243 | B10: Transfer Grant | C10: 80636 | D10: 60924 | E10: =D10/C10*100 -> 75.554343 | F10: 58000 | G10: 41972.18 | H10: =G10/F10*100 -> 72.365828 | I10: 45000 | J10: 11951.5 | K10: =J10/I10*100 -> 26.558889 | L10: 60000 | M10: 16000 | N10: =M10/L10*100 -> 26.666667 | O10: =L10 -> 60000 | P10: =O10 -> 60000
A11: 2111249 | B11: Responsibility Allowance (PM) | C11: 6000 | D11: 6000 | E11: =D11/C11*100 -> 100 | F11: 6000 | G11: 6000 | H11: =G11/F11*100 -> 100 | I11: 6000 | K11: =J11/I11*100 -> 0 | L11: 6000 | M11: 0 | N11: =M11/L11*100 -> 0 | O11: =L11 -> 6000 | P11: =O11 -> 6000
C12: =SUM(C8:C11) -> 119636 | D12: =SUM(D8:D11) -> 85386 | E12: =D12/C12*100 -> 71.371494 | F12: =SUM(F8:F11) -> 86000 | G12: =SUM(G8:G11) -> 64894.18 | H12: =G12/F12*100 -> 75.458349 | I12: =SUM(I8:I11) -> 73000 | J12: =SUM(J8:J11) -> 22044.47 | K12: =J12/I12*100 -> 30.197904 | L12: =SUM(L8:L11) -> 108000 | M12: =SUM(M8:M11) -> 16000 | N12: =M12/L12*100 -> 14.814815 | O12: =SUM(O8:O11) -> 108000 | P12: =SUM(P8:P11) -> 108000
A13: 2121000 | B13: SOCIAL CONTRIBUTIONS
A14: 2121001 | B14: Employers SSF Contributions | C14: 50000 | D14: 39591.21 | E14: =D14/C14*100 -> 79.18242 | F14: 50000 | G14: 12078.75 | H14: =G14/F14*100 -> 24.1575 | I14: 50000 | J14: 30315.46 | K14: =J14/I14*100 -> 60.63092 | L14: 35689 | M14: 22198.86 | N14: =M14/L14*100 -> 62.200846 | O14: =L14 -> 35689 | P14: =O14 -> 35689
A15: 2121004 | B15: Ex-Gratia | C15: 110000 | D15: 104000 | E15: =D15/C15*100 -> 94.545455 | F15: 54000 | G15: 1800 | H15: =G15/F15*100 -> 3.3333333 | I15: 26000 | J15: 0 | K15: =J15/I15*100 -> 0 | L15: 54000 | M15: 28000 | N15: =M15/L15*100 -> 51.851852 | O15: =L15 -> 54000 | P15: =O15 -> 54000
C16: =SUM(C14:C15) -> 160000 | D16: =SUM(D14:D15) -> 143591.21 | E16: =D16/C16*100 -> 89.744506 | F16: =SUM(F14:F15) -> 104000 | G16: =SUM(G14:G15) -> 13878.75 | H16: =G16/F16*100 -> 13.344952 | I16: =SUM(I14:I15) -> 76000 | J16: =SUM(J14:J15) -> 30315.46 | K16: =J16/I16*100 -> 39.888763 | L16: =SUM(L14:L15) -> 89689 | M16: =SUM(M14:M15) -> 50198.86 | N16: =M16/L16*100 -> 55.969918 | O16: =SUM(O14:O15) -> 89689 | P16: =SUM(P14:P15) -> 89689
B17: Compensation of Employees | C17: =C16+C12+C6 -> 2529621 | D17: =D16+D12+D6 -> 2517118.2 | E17: =D17/C17*100 -> 99.505743 | F17: =F16+F12+F6 -> 2126380 | G17: =G16+G12+G6 -> 1482530 | H17: =G17/F17*100 -> 69.720841 | I17: =I16+I12+I6 -> 2413344 | J17: =J16+J12+J6 -> 3579485.9 | K17: =J17/I17*100 -> 148.32058 | L17: =L16+L12+L6 -> 2380215 | M17: =M16+M12+M6 -> 1573659.9 | N17: =M17/L17*100 -> 66.114192 | O17: =O16+O12+O6 -> 2380215 | P17: =P16+P12+P6 -> 2380215
A19: 2210100 | B19: MATERIALS & OFFICE SUPPLIES
A20: 2210101 | B20: Printed Material & Stationery | C20: 100000 | D20: 89976.87 | E20: =D20/C20*100 -> 89.97687 | F20: 69000 | G20: 92424.25 | H20: =G20/F20*100 -> 133.94819 | I20: 33000 | J20: 67440.17 | K20: =J20/I20*100 -> 204.36415 | L20: 182780 | M20: 55859.48 | N20: =M20/L20*100 -> 30.561046 | O20: =L20 -> 182780 | P20: =O20 -> 182780
A21: 2210102 | B21: Office Facilities/Supplies/Accessories | C21: 60000 | D21: 57330.71 | E21: =D21/C21*100 -> 95.551183 | F21: 40000 | G21: 48908.1 | H21: =G21/F21*100 -> 122.27025 | I21: 40000 | J21: 46872.5 | K21: =J21/I21*100 -> 117.18125 | L21: 46612 | M21: 0 | N21: =M21/L21*100 -> 0 | O21: =L21 -> 46612 | P21: =O21 -> 46612
A22: 2210103 | B22: Refreshment | C22: 40000 | D22: 38445 | E22: =D22/C22*100 -> 96.1125 | F22: 64000 | G22: 20919 | H22: =G22/F22*100 -> 32.685938 | I22: 30000 | J22: 0 | K22: =J22/I22*100 -> 0 | L22: 335500 | M22: 47106 | N22: =M22/L22*100 -> 14.040537 | O22: =L22 -> 335500 | P22: =O22 -> 335500
A23: 2210105 | B23: Drug & Medical Equipments/COVID | C23: 58000 | D23: 56546.6 | E23: =D23/C23*100 -> 97.494138 | F23: 1500 | G23: 990 | H23: =G23/F23*100 -> 66 | I23: 50000 | J23: 0 | K23: =J23/I23*100 -> 0 | L23: 50000 | M23: 0 | N23: =M23/L23*100 -> 0 | O23: =L23 -> 50000 | P23: =O23 -> 50000
A24: 2210107 | B24: Electrical Accessories | C24: 5000 | D24: 3008.1 | E24: =D24/C24*100 -> 60.162 | F24: 6500 | G24: 3244 | H24: =G24/F24*100 -> 49.907692 | I24: 5000 | J24: 441 | K24: =J24/I24*100 -> 8.82 | L24: 1000 | M24: 0 | N24: =M24/L24*100 -> 0 | O24: =L24 -> 1000 | P24: =O24 -> 1000
A25: 2210108 | B25: Construction Material | C25: 1310000 | D25: 1299979.7 | E25: 198.50029 | F25: 1119910 | G25: 553721.29 | H25: 96.111676 | I25: 243000 | J25: 18733.67 | K25: 52.325581 | L25: 62500 | M25: 0 | N25: =M25/L25*100 -> 0 | O25: =L25 -> 62500 | P25: =O25 -> 62500
A26: 2210115 | B26: Text Books and Library Books | C26: 4520 | D26: 0 | E26: =D26/C26*100 -> 0 | F26: 2000 | G26: 0 | H26: =G26/F26*100 -> 0 | I26: 2000 | J26: 0 | K26: =J26/I26*100 -> 0 | L26: 2000 | M26: 0 | N26: =M26/L26*100 -> 0 | O26: =L26 -> 2000 | P26: =O26 -> 2000
A27: 2210117 | B27: Teaching & Learning Materials | C27: 1500 | D27: 0 | E27: =D27/C27*100 -> 0 | F27: 1500 | G27: 0 | H27: =G27/F27*100 -> 0 | I27: 1500 | J27: 0 | K27: =J27/I27*100 -> 0 | L27: 1500 | M27: 0 | N27: =M27/L27*100 -> 0 | O27: =L27 -> 1500 | P27: =O27 -> 1500
A28: 2210118 | B28: Sports,Recreational & Cultural Market | C28: 70000 | D28: 0 | E28: =D28/C28*100 -> 0 | F28: 20000 | G28: 0 | H28: =G28/F28*100 -> 0 | I28: 150000 | J28: 0 | K28: =J28/I28*100 -> 0 | L28: 140000 | M28: 0 | N28: =M28/L28*100 -> 0 | O28: =L28 -> 140000 | P28: 80000 | Q28: ↓
A29: 2210119 | B29: Household Items | C29: 6000 | D29: 5622.5 | E29: =D29/C29*100 -> 93.708333 | F29: 7000 | G29: 2200 | H29: =G29/F29*100 -> 31.428571 | I29: 3000 | J29: 0 | K29: =J29/I29*100 -> 0 | L29: 3000 | M29: 0 | N29: =M29/L29*100 -> 0 | O29: =L29 -> 3000 | P29: =O29 -> 3000
A30: 2210120 | B30: Purchase of Tools & Equipment | C30: 43000 | D30: 39000 | E30: =D30/C30*100 -> 90.697674 | F30: 6000 | G30: 6700 | H30: =G30/F30*100 -> 111.66667 | I30: 3000 | J30: 0 | K30: =J30/I30*100 -> 0 | L30: 43000 | M30: 0 | N30: =M30/L30*100 -> 0 | O30: =L30 -> 43000 | P30: =O30 -> 43000
A31: 2210121 | B31: Clothing and Uniform | C31: 18000 | D31: 12000 | E31: =D31/C31*100 -> 66.666667 | F31: 18000 | G31: 0 | H31: =G31/F31*100 -> 0 | I31: 18000 | J31: 0 | K31: =J31/I31*100 -> 0 | L31: 318000 | M31: 0 | N31: =M31/L31*100 -> 0 | O31: =L31 -> 318000 | P31: =O31 -> 318000
A32: 2210122 | B32: Value Books | C32: 33000 | D32: 13850 | E32: =D32/C32*100 -> 41.969697 | F32: 25000 | G32: 16500 | H32: =G32/F32*100 -> 66 | I32: 15000 | J32: 19118 | K32: =J32/I32*100 -> 127.45333 | L32: 15000 | M32: 0 | N32: =M32/L32*100 -> 0 | O32: =L32 -> 15000 | P32: =O32 -> 15000
B33: Sub-total | C33: =SUM(C20:C32) -> 1749020 | D33: =SUM(D20:D32) -> 1615759.5 | E33: =D33/C33*100 -> 92.380846 | F33: =SUM(F20:F32) -> 1380410 | G33: =SUM(G20:G32) -> 745606.64 | H33: =G33/F33*100 -> 54.013419 | I33: =SUM(I20:I32) -> 593500 | J33: =SUM(J20:J32) -> 152605.34 | K33: =J33/I33*100 -> 25.712778 | L33: =SUM(L20:L32) -> 1200892 | M33: =SUM(M20:M32) -> 102965.48 | N33: =M33/L33*100 -> 8.5740833 | O33: =SUM(O20:O32) -> 1200892 | P33: =SUM(P20:P32) -> 1140892
A34: NATURAL ACCOUNT | B34: EXPENDITURE ITEMS | C34: 2020 Estimates | D34: 2020 Actuals | E34: % Performance Against 2020 Actuals | F34: 2021 Estimates | G34: 2021 Actuals | H34: % Performance Against 2021 Estimate | I34: 2022 Draft Estimates | J34: Actuals as @ Dec. 2022 | K34: % Performance Against August 2022 | L34: 2023 Draft Estimates | M34: Actuals as @ May. 2023 | N34: % Performance Against Est. | O34: 2023 Approved Estimate as per Actual Contract sums | P34: 2023 Review
A35: 2210200 | B35: UTILITIES
A36: 2210201 | B36: Electricity Charges | C36: 36040 | D36: 16609.41 | E36: =D36/C36*100 -> 46.086043 | F36: 15000 | G36: 19693.98 | H36: =G36/F36*100 -> 131.2932 | I36: 4000 | J36: 26113.93 | K36: =J36/I36*100 -> 652.84825 | L36: 30000 | M36: 2985.62 | N36: =M36/L36*100 -> 9.9520667 | O36: =L36 -> 30000 | P36: =O36 -> 30000
A37: 2210202 | B37: Water Charges | C37: 310000 | D37: 306706.67 | E37: =D37/C37*100 -> 98.937635 | F37: 5000 | G37: 75580.98 | H37: =G37/F37*100 -> 1511.6196 | I37: 120000 | J37: 265088.18 | K37: =J37/I37*100 -> 220.90682 | L37: 6000 | M37: 2194.6 | N37: =M37/L37*100 -> 36.576667 | O37: =L37 -> 6000 | P37: =O37 -> 6000
A38: 2210203 | B38: Telecommunications | C38: 33000 | D38: 2950 | E38: =D38/C38*100 -> 8.9393939 | F38: 30000 | G38: 2450 | H38: =G38/F38*100 -> 8.1666667 | I38: 15000 | J38: 4000 | K38: =J38/I38*100 -> 26.666667 | L38: 18000 | M38: 2450 | N38: =M38/L38*100 -> 13.611111 | O38: =L38 -> 18000 | P38: =O38 -> 18000
A39: 2210204 | B39: Postal Charges | C39: 5000 | D39: 4365 | E39: =D39/C39*100 -> 87.3 | F39: 15000 | G39: 1186 | H39: =G39/F39*100 -> 7.9066667 | I39: 10000 | J39: 1950 | K39: =J39/I39*100 -> 19.5 | L39: 2000 | M39: 0 | N39: =M39/L39*100 -> 0 | O39: =L39 -> 2000 | P39: =O39 -> 2000
A40: 2210205 | B40: Sanitation Charges | C40: 840000 | D40: 725646.35 | E40: =D40/C40*100 -> 86.38647 | F40: 760000 | G40: 185303.77 | H40: =G40/F40*100 -> 24.382075 | I40: 560000 | J40: 967167.43 | K40: =J40/I40*100 -> 172.70847 | L40: 1042000 | M40: 83000 | N40: =M40/L40*100 -> 7.9654511 | O40: =L40 -> 1042000 | P40: =O40 -> 1042000
B41: Sub-total | C41: =SUM(C36:C40) -> 1224040 | D41: =SUM(D36:D40) -> 1056277.4 | E41: =D41/C41*100 -> 86.294356 | F41: =SUM(F36:F40) -> 825000 | G41: =SUM(G36:G40) -> 284214.73 | H41: =G41/F41*100 -> 34.45027 | I41: =SUM(I36:I40) -> 709000 | J41: =SUM(J36:J40) -> 1264319.5 | K41: =J41/I41*100 -> 178.32434 | L41: =SUM(L36:L40) -> 1098000 | M41: =SUM(M36:M40) -> 90630.22 | N41: =M41/L41*100 -> 8.2541184 | O41: =SUM(O36:O40) -> 1098000 | P41: =SUM(P36:P40) -> 1098000
A42: 2210300 | B42: GENERAL CLEANING
A43: 2210301 | B43: Cleaning & Sanitation Mgt. | C43: 5000 | D43: 4800.32 | E43: =D43/C43*100 -> 96.0064 | F43: 5000 | G43: 530 | H43: =G43/F43*100 -> 10.6 | I43: 5000 | J43: 0 | K43: =J43/I43*100 -> 0 | L43: 5000 | M43: 0 | N43: =M43/L43*100 -> 0 | O43: =L43 -> 5000 | P43: =O43 -> 5000
C44: =SUM(C43) -> 5000 | D44: =SUM(D42:D43) -> 4800.32 | E44: =D44/C44*100 -> 96.0064 | F44: =SUM(F43) -> 5000 | G44: =SUM(G43) -> 530 | H44: =G44/F44*100 -> 10.6 | I44: 5000 | J44: =SUM(J43) -> 0 | K44: =J44/I44*100 -> 0 | L44: =SUM(L43) -> 5000 | M44: =SUM(M43) -> 0 | N44: =M44/L44*100 -> 0 | O44: =SUM(O43) -> 5000 | P44: =SUM(P43) -> 5000
A45: 2210400 | B45: RENTALS
A46: 2210401 | B46: Office Accomodation | C46: 4000 | D46: 0 | E46: =D46/C46*100 -> 0 | F46: 4000 | G46: 5000 | H46: =G46/F46*100 -> 125 | I46: 6000 | J46: 6000 | K46: =J46/I46*100 -> 100 | L46: 7000 | M46: 0 | N46: =M46/L46*100 -> 0 | O46: =L46 -> 7000 | P46: =O46 -> 7000
A47: 2210402 | B47: Residential Accomodation | C47: 10000 | D47: 0 | E47: =D47/C47*100 -> 0 | F47: 5000 | G47: 2500 | H47: =G47/F47*100 -> 50 | I47: 5000 | J47: 0 | K47: =J47/I47*100 -> 0 | L47: 7000 | M47: 0 | N47: =M47/L47*100 -> 0 | O47: =L47 -> 7000 | P47: =O47 -> 7000
A48: 2210404 | B48: Hotel Accomodations | C48: 130000 | D48: 126399.98 | E48: =D48/C48*100 -> 97.230754 | F48: 65000 | G48: 35346.35 | H48: =G48/F48*100 -> 54.379 | I48: 250000 | J48: 101276.31 | K48: =J48/I48*100 -> 40.510524 | L48: 75000 | M48: 31244.71 | N48: =M48/L48*100 -> 41.659613 | O48: =L48 -> 75000 | P48: =O48 -> 75000
A49: 2210407 | B49: Rental of Other Transport | C49: 8000 | D49: 1400 | E49: =D49/C49*100 -> 17.5 | F49: 8000 | G49: 2960 | H49: =G49/F49*100 -> 37 | I49: 5000 | J49: -180 | K49: =J49/I49*100 -> -3.6 | L49: 5000 | M49: 0 | N49: =M49/L49*100 -> 0 | O49: =L49 -> 5000 | P49: =O49 -> 5000
B50: Sub-total | C50: =SUM(C46:C49) -> 152000 | D50: =SUM(D46:D49) -> 127799.98 | E50: =D50/C50*100 -> 84.078934 | F50: =SUM(F46:F49) -> 82000 | G50: =SUM(G46:G49) -> 45806.35 | H50: =G50/F50*100 -> 55.861402 | I50: =SUM(I46:I49) -> 266000 | J50: =SUM(J46:J49) -> 107096.31 | K50: =J50/I50*100 -> 40.261771 | L50: =SUM(L46:L49) -> 94000 | M50: =SUM(M46:M49) -> 31244.71 | N50: =M50/L50*100 -> 33.239053 | O50: =SUM(O46:O49) -> 94000 | P50: =SUM(P46:P49) -> 94000
A51: 2210500 | B51: TRAVEL AND TRANSPORT
A52: 2210502 | B52: Maintenance and Repairs-Official vehicle | C52: 116935 | D52: 83232.55 | E52: =D52/C52*100 -> 71.178475 | F52: 50000 | G52: 47558 | H52: =G52/F52*100 -> 95.116 | I52: 50000 | J52: 97739.13 | K52: =J52/I52*100 -> 195.47826 | L52: 65500 | M52: 60684.08 | N52: =M52/L52*100 -> 92.64745 | O52: =L52 -> 65500 | P52: =O52 -> 65500
A53: 2210505 | B53: Running Cost-Official Vehicle | C53: 230000 | D53: 180994.17 | E53: =D53/C53*100 -> 78.693117 | F53: 40000 | G53: 68120 | H53: =G53/F53*100 -> 170.3 | I53: 450000 | J53: 357986.32 | K53: =J53/I53*100 -> 79.552516 | L53: 259000 | M53: 69331 | N53: =M53/L53*100 -> 26.768726 | O53: =L53 -> 259000 | P53: =O53 -> 259000 | Q53: ↑
A54: 2210510 | B54: Night Allowance | C54: 113920 | D54: 83120 | E54: =D54/C54*100 -> 72.963483 | F54: 413368 | G54: 220330 | H54: =G54/F54*100 -> 53.301175 | I54: 100000 | J54: 142891.84 | K54: =J54/I54*100 -> 142.89184 | L54: 366832 | M54: 136898 | N54: =M54/L54*100 -> 37.318991 | O54: =L54 -> 366832 | P54: =O54 -> 366832 | Q54: ↑
A55: 2210511 | B55: Local Travel Cost | C55: 200000 | D55: 184878.88 | E55: =D55/C55*100 -> 92.43944 | F55: 135120 | G55: 189668.93 | H55: =G55/F55*100 -> 140.37073 | I55: 210000 | J55: 325312.42 | K55: =J55/I55*100 -> 154.91068 | L55: 249000 | M55: 113821.8 | N55: =M55/L55*100 -> 45.711566 | O55: =L55 -> 249000 | P55: =O55 -> 249000 | Q55: ↑
B56: Sub-total | C56: =SUM(C52:C55) -> 660855 | D56: =SUM(D52:D55) -> 532225.6 | E56: =D56/C56*100 -> 80.535912 | F56: =SUM(F52:F55) -> 638488 | G56: =SUM(G52:G55) -> 525676.93 | H56: =G56/F56*100 -> 82.331529 | I56: =SUM(I52:I55) -> 810000 | J56: =SUM(J52:J55) -> 923929.71 | K56: =J56/I56*100 -> 114.0654 | L56: =SUM(L52:L55) -> 940332 | M56: =SUM(M52:M55) -> 380734.88 | N56: =M56/L56*100 -> 40.48941 | O56: =SUM(O52:O55) -> 940332 | P56: =SUM(P52:P55) -> 940332
A58: 2210600 | B58: REPAIRS AND MAINTENANCE
A59: 2210602 | B59: Maintenance of Residential Buildings | C59: 50000 | D59: 16339.54 | E59: =D59/C59*100 -> 32.67908 | F59: 600000 | G59: 20106.07 | H59: =G59/F59*100 -> 3.3510117 | I59: 200000 | J59: 11769.4 | K59: =J59/I59*100 -> 5.8847 | L59: 52642 | M59: 0 | N59: =M59/L59*100 -> 0 | O59: =L59 -> 52642 | P59: =O59 -> 52642 | Q59: ↑
A60: 2210603 | B60: Maintenance of Office Buildings | C60: 80000 | D60: 24764.9 | E60: =D60/C60*100 -> 30.956125 | F60: 80000 | G60: 11818.8 | H60: =G60/F60*100 -> 14.7735 | I60: 200000 | J60: 3843.53 | K60: =J60/I60*100 -> 1.921765 | L60: 50000 | M60: 81120 | N60: =M60/L60*100 -> 162.24 | O60: =L60 -> 50000 | P60: 260000 | Q60: ↑
A61: 2210604 | B61: Maintenance of Furnitures and Fixtures | C61: 15000 | D61: 1567 | E61: =D61/C61*100 -> 10.446667 | F61: 10000 | G61: 12868.02 | H61: =G61/F61*100 -> 128.6802 | I61: 10000 | J61: 3250 | K61: =J61/I61*100 -> 32.5 | L61: 10000 | M61: 900 | N61: =M61/L61*100 -> 9 | O61: =L61 -> 10000 | P61: =O61 -> 10000
A62: 2210605 | B62: Maintenance of Machinery and Plant | C62: 40000 | D62: 942.25 | E62: =D62/C62*100 -> 2.355625 | F62: 15000 | G62: 3000 | H62: =G62/F62*100 -> 20 | I62: 30000 | J62: 0 | K62: =J62/I62*100 -> 0 | L62: 10000 | M62: 0 | N62: =M62/L62*100 -> 0 | O62: =L62 -> 10000 | P62: =O62 -> 10000
A63: 2210606 | B63: Maintenance of General Equipment | C63: 35000 | D63: 27490 | E63: =D63/C63*100 -> 78.542857 | F63: 20000 | G63: 8866 | H63: =G63/F63*100 -> 44.33 | I63: 20000 | J63: 396.15 | K63: =J63/I63*100 -> 1.98075 | L63: 10000 | M63: 794 | N63: =M63/L63*100 -> 7.94 | O63: =L63 -> 10000 | P63: 100000 | Q63: ↑
A64: 2210607 | B64: Minor Repairs of Schools / Colleges | C64: 90000 | D64: 87419.42 | E64: =D64/C64*100 -> 97.132689 | F64: 75000 | G64: 67029.86 | H64: =G64/F64*100 -> 89.373147 | I64: 150000 | J64: -3331.59 | K64: =J64/I64*100 -> -2.22106 | L64: 60000 | M64: 0 | N64: =M64/L64*100 -> 0 | O64: =L64 -> 60000 | P64: 110000 | Q64: ↑
A65: 2210610 | B65: Maintenance of Drains | C65: 30000 | D65: 22000 | E65: =D65/C65*100 -> 73.333333 | F65: 30000 | G65: 18000 | H65: =G65/F65*100 -> 60 | I65: 30000 | J65: 0 | K65: =J65/I65*100 -> 0 | L65: 20000 | M65: 0 | N65: =M65/L65*100 -> 0 | O65: =L65 -> 20000 | P65: 70000 | Q65: ↑
A66: 2210611 | B66: Maintenance of Markets | C66: 10000 | D66: 6500 | E66: =D66/C66*100 -> 65 | F66: 10000 | G66: 4393.75 | H66: =G66/F66*100 -> 43.9375 | I66: 120000 | J66: 0 | K66: =J66/I66*100 -> 0 | L66: 60000 | M66: 0 | N66: =M66/L66*100 -> 0 | O66: =L66 -> 60000 | P66: 100000 | Q66: ↑
A67: 2210616 | B67: Maintenance of Public Sanitary Facilities | C67: 10000 | D67: 200 | E67: =D67/C67*100 -> 2 | F67: 10000 | G67: 8700 | H67: =G67/F67*100 -> 87 | I67: 50000 | J67: 0 | K67: =J67/I67*100 -> 0 | L67: 20000 | M67: 0 | N67: =M67/L67*100 -> 0 | O67: =L67 -> 20000 | P67: =O67 -> 20000
A68: 2210617 | B68: Maint. Of Street & Traffic Light | C68: 23000 | D68: 13000 | E68: =D68/C68*100 -> 56.521739 | F68: 20000 | G68: 14393.75 | H68: =G68/F68*100 -> 71.96875 | I68: 200000 | J68: 208711.5 | K68: =J68/I68*100 -> 104.35575 | L68: 230000 | M68: 0 | N68: =M68/L68*100 -> 0 | O68: =L68 -> 230000 | P68: =O68 -> 230000
B69: Sub-total | C69: =SUM(C59:C68) -> 383000 | D69: =SUM(D59:D68) -> 200223.11 | E69: =D69/C69*100 -> 52.277574 | F69: =SUM(F59:F68) -> 870000 | G69: =SUM(G59:G68) -> 169176.25 | H69: =G69/F69*100 -> 19.445546 | I69: =SUM(I59:I68) -> 1010000 | J69: =SUM(J59:J68) -> 224638.99 | K69: =J69/I69*100 -> 22.241484 | L69: =SUM(L59:L68) -> 522642 | M69: =SUM(M59:M68) -> 82814 | N69: =M69/L69*100 -> 15.845263 | O69: =SUM(O59:O68) -> 522642 | P69: =SUM(P59:P68) -> 962642
A71: NATURAL ACCOUNT | B71: EXPENDITURE ITEMS | C71: 2020 Estimates | D71: 2020 Actuals | E71: % Performance Against 2020 Actuals | F71: 2021 Estimates | G71: 2021 Actuals | H71: % Performance Against 2021 Estimate | I71: 2022 Draft Estimates | J71: Actuals as @ Dec. 2022 | K71: % Performance Against August 2022 | L71: 2023 Draft Estimates | M71: Actuals as @ May. 2023 | N71: % Performance Against Est. | O71: 2023 Approved Estimate as per Actual Contract sums | P71: 2023 Review
A72: 2210700 | B72: TRAINING SEM & CONFERENCES
A73: 2210703 | B73: Examination Fees and Expenses | C73: 35000 | D73: 14093 | E73: =D73/C73*100 -> 40.265714 | F73: 35000 | G73: 20000 | H73: =G73/F73*100 -> 57.142857 | I73: 35000 | J73: 0 | K73: =J73/I73*100 -> 0 | L73: 137440 | M73: 0 | N73: =M73/L73*100 -> 0 | O73: =L73 -> 137440 | P73: =O73 -> 137440
A74: 2210705 | B74: Hotel Accomodation | C74: 5000 | D74: 4700 | E74: =D74/C74*100 -> 94 | F74: 65000 | G74: 42000 | H74: =G74/F74*100 -> 64.615385 | I74: 65000 | J74: 0 | K74: =J74/I74*100 -> 0 | L74: 50000 | M74: 0 | N74: =M74/L74*100 -> 0 | O74: =L74 -> 50000 | P74: =O74 -> 50000
A75: 2210706 | B75: Library And Subscription | C75: 20000 | D75: 18200 | E75: =D75/C75*100 -> 91 | F75: 10000 | G75: 3000 | H75: =G75/F75*100 -> 30 | I75: 10000 | J75: 0 | K75: =J75/I75*100 -> 0 | L75: 5000 | M75: 0 | N75: =M75/L75*100 -> 0 | O75: =L75 -> 5000 | P75: =O75 -> 5000
A76: 2210708 | B76: Refreshments | C76: 100000 | D76: 91756.1 | E76: =D76/C76*100 -> 91.7561 | F76: 120000 | G76: 108749 | H76: =G76/F76*100 -> 90.624167 | I76: 100000 | J76: 136842.61 | K76: =J76/I76*100 -> 136.84261 | L76: 100000 | M76: 0 | N76: =M76/L76*100 -> 0 | O76: =L76 -> 100000 | P76: =O76 -> 100000
A77: 2210709 | B77: Visits, Conferences /Seminars (domestic) | C77: 894103 | D77: 785769.95 | E77: =D77/C77*100 -> 87.883605 | F77: 818542 | G77: 879578.19 | H77: =G77/F77*100 -> 107.4567 | I77: 800000 | J77: 1445609.9 | K77: =J77/I77*100 -> 180.70123 | L77: 561500 | M77: 401060.25 | N77: =M77/L77*100 -> 71.426581 | O77: =L77 -> 561500 | P77: =O77 -> 561500
A78: 2210710 | B78: Staff Development / Capacity Building | C78: 47731 | D78: 22330 | E78: =D78/C78*100 -> 46.783013 | F78: 165871 | G78: 40000 | H78: =G78/F78*100 -> 24.115126 | I78: 46000 | J78: 0 | K78: =J78/I78*100 -> 0 | L78: 55000 | M78: 0 | N78: =M78/L78*100 -> 0 | O78: =L78 -> 55000 | P78: =O78 -> 55000
A79: 2210711 | B79: Public Education and Sensitisation | C79: 101572 | D79: 70372.35 | E79: =D79/C79*100 -> 69.283218 | F79: 100000 | G79: 15900 | H79: =G79/F79*100 -> 15.9 | I79: 30000 | J79: 500 | K79: =J79/I79*100 -> 1.6666667 | L79: 42000 | M79: 0 | N79: =M79/L79*100 -> 0 | O79: =L79 -> 42000 | P79: =O79 -> 42000
B80: Sub-total | C80: =SUM(C73:C79) -> 1203406 | D80: =SUM(D73:D79) -> 1007221.4 | E80: =D80/C80*100 -> 83.697555 | F80: =SUM(F73:F79) -> 1314413 | G80: =SUM(G73:G79) -> 1109227.2 | H80: =G80/F80*100 -> 84.389548 | I80: =SUM(I73:I79) -> 1086000 | J80: =SUM(J73:J79) -> 1582952.5 | K80: =J80/I80*100 -> 145.7599 | L80: =SUM(L73:L79) -> 950940 | M80: =SUM(M73:M79) -> 401060.25 | N80: =M80/L80*100 -> 42.175137 | O80: =SUM(O73:O79) -> 950940 | P80: =SUM(P73:P79) -> 950940
A81: 2210800 | B81: CONSULTANCY SERVICES
A82: 2210801 | B82: Local Consultancy Fee | C82: 15000 | D82: 7500 | E82: =D82/C82*100 -> 50 | F82: 50000 | G82: 10000 | H82: =G82/F82*100 -> 20 | I82: 60000 | J82: 0 | K82: =J82/I82*100 -> 0 | L82: 120000 | M82: 0 | N82: =M82/L82*100 -> 0 | O82: =L82 -> 120000 | P82: =O82 -> 120000
A83: 2210804 | B83: Contract Appointment | C83: 200000 | D83: 171931.71 | E83: =D83/C83*100 -> 85.965855 | F83: 250000 | G83: 100851.14 | H83: =G83/F83*100 -> 40.340456 | I83: 250000 | J83: 44767.49 | K83: =J83/I83*100 -> 17.906996 | L83: 40000 | M83: 3042 | N83: =M83/L83*100 -> 7.605 | O83: =L83 -> 40000 | P83: =O83 -> 40000
B84: Sub-total | C84: =SUM(C82:C83) -> 215000 | D84: =SUM(D82:D83) -> 179431.71 | E84: =D84/C84*100 -> 83.456609 | F84: =SUM(F82:F83) -> 300000 | G84: =SUM(G82:G83) -> 110851.14 | H84: =G84/F84*100 -> 36.95038 | I84: =SUM(I82:I83) -> 310000 | J84: =SUM(J82:J83) -> 44767.49 | K84: =J84/I84*100 -> 14.441126 | L84: =SUM(L82:L83) -> 160000 | M84: =SUM(M82:M83) -> 3042 | N84: =M84/L84*100 -> 1.90125 | O84: =SUM(O82:O83) -> 160000 | P84: =SUM(P82:P83) -> 160000
A86: 2210900 | B86: SPECIAL SERVICES
A87: 2210901 | B87: Service of State Protocol | C87: 140000 | D87: 73936.93 | E87: =D87/C87*100 -> 52.812093 | F87: 150000 | G87: 43855 | H87: =G87/F87*100 -> 29.236667 | I87: 100000 | J87: 40593.4 | K87: =J87/I87*100 -> 40.5934 | L87: 50000 | M87: 0 | N87: =M87/L87*100 -> 0 | O87: =L87 -> 50000 | P87: =O87 -> 50000
A88: 2210902 | B88: Official Celebrations | C88: 166980 | D88: 133855.1 | E88: =D88/C88*100 -> 80.162355 | F88: 257000 | G88: 104140 | H88: =G88/F88*100 -> 40.521401 | I88: 150000 | J88: 178472.4 | K88: =J88/I88*100 -> 118.9816 | L88: 321759 | M88: 108670 | N88: =M88/L88*100 -> 33.773725 | O88: =L88 -> 321759 | P88: =O88 -> 321759
A89: 2210904 | B89: Sub-structure Allowances | C89: 10000 | D89: 2000 | E89: =D89/C89*100 -> 20 | F89: 10000 | G89: 0 | H89: =G89/F89*100 -> 0 | I89: 30000 | J89: 0 | K89: =J89/I89*100 -> 0 | L89: 30000 | M89: 0 | N89: =M89/L89*100 -> 0 | O89: =L89 -> 30000 | P89: =O89 -> 30000
A90: 2210908 | B90: Property Valuation Expenses | C90: 50000 | D90: 0 | E90: =D90/C90*100 -> 0 | F90: 50000 | G90: 48000 | H90: =G90/F90*100 -> 96 | I90: 200000 | J90: 45450 | K90: =J90/I90*100 -> 22.725 | L90: 80000 | M90: 0 | N90: =M90/L90*100 -> 0 | O90: =L90 -> 80000 | P90: 20000 | Q90: ↓
A91: 2210910 | B91: Trade Promotion / Publicity | C91: 53000 | D91: 38763 | E91: =D91/C91*100 -> 73.137736 | F91: 53000 | G91: 35835 | H91: =G91/F91*100 -> 67.613208 | I91: 200000 | J91: 0 | K91: =J91/I91*100 -> 0 | L91: 59875 | M91: 10348 | N91: =M91/L91*100 -> 17.282672 | O91: =L91 -> 59875 | P91: 12376 | Q91: ↓
B92: Sub-total | C92: =SUM(C87:C91) -> 419980 | D92: =SUM(D87:D91) -> 248555.03 | E92: =D92/C92*100 -> 59.182587 | F92: =SUM(F87:F91) -> 520000 | G92: =SUM(G87:G91) -> 231830 | H92: =G92/F92*100 -> 44.582692 | I92: =SUM(I87:I91) -> 680000 | J92: =SUM(J87:J91) -> 264515.8 | K92: =J92/I92*100 -> 38.899382 | L92: =SUM(L87:L91) -> 541634 | M92: =SUM(M87:M91) -> 119018 | N92: =M92/L92*100 -> 21.973879 | O92: =SUM(O87:O91) -> 541634 | P92: =SUM(P87:P91) -> 434135
A94: 2211100 | B94: OTHER CHARGES/FEES
A95: 2211101 | B95: Bank Charges | C95: 8500 | D95: 3600.69 | E95: =D95/C95*100 -> 42.361059 | F95: 8500 | G95: 6353.45 | H95: =G95/F95*100 -> 74.746471 | I95: 8500 | J95: 5562.35 | K95: =J95/I95*100 -> 65.439412 | L95: 4000 | M95: 1780.35 | N95: =M95/L95*100 -> 44.50875 | O95: =L95 -> 4000 | P95: =O95 -> 4000
B96: Sub-total | C96: =SUM(C95:C95) -> 8500 | D96: =SUM(D95:D95) -> 3600.69 | E96: =D96/C96*100 -> 42.361059 | F96: 8500 | G96: 6353.45 | H96: =G96/F96*100 -> 74.746471 | I96: 8500 | J96: =SUM(J95) -> 5562.35 | K96: =J96/I96*100 -> 65.439412 | L96: =SUM(L95) -> 4000 | M96: =SUM(M95) -> 1780.35 | N96: =M96/L96*100 -> 44.50875 | O96: =SUM(O95) -> 4000 | P96: =SUM(P95) -> 4000
A98: 2211200 | B98: EMERGENCY SERVICES
A99: 2211203 | B99: Emergency works | C99: 330000 | D99: 269971.13 | E99: =D99/C99*100 -> 81.809433 | F99: 120000 | G99: 72105.48 | H99: =G99/F99*100 -> 60.0879 | I99: 120000 | J99: -1367.34 | K99: 0 | L99: 65000 | M99: 0 | N99: =M99/L99*100 -> 0 | O99: =L99 -> 65000 | P99: =O99 -> 65000
B100: Sub-total | C100: =SUM(C99:C99) -> 330000 | D100: =SUM(D99:D99) -> 269971.13 | E100: =D100/C100*100 -> 81.809433 | F100: =SUM(F99:F99) -> 120000 | G100: =SUM(G99:G99) -> 72105.48 | H100: =G100/F100*100 -> 60.0879 | I100: =SUM(I99:I99) -> 120000 | J100: =SUM(J99:J99) -> -1367.34 | K100: 0 | L100: =SUM(L99:L99) -> 65000 | M100: =SUM(M99:M99) -> 0 | N100: =M100/L100*100 -> 0 | O100: =SUM(O99:O99) -> 65000 | P100: =SUM(P99:P99) -> 65000
A102: 2211300 | B102: INSURANCE
A103: 2211304 | B103: Insurance of Vehicles | C103: 30000 | D103: 3815 | E103: =D103/C103*100 -> 12.716667 | F103: 15000 | G103: 14200 | H103: =G103/F103*100 -> 94.666667 | I103: 15000 | J103: 0 | K103: =J103/I103*100 -> 0 | L103: 20000 | M103: 0 | N103: =M103/L103*100 -> 0 | O103: =L103 -> 20000 | P103: =O103 -> 20000
B104: Sub-total | C104: =SUM(C103) -> 30000 | D104: =D103 -> 3815 | E104: =D104/C104*100 -> 12.716667 | F104: 15000 | G104: 14200 | H104: 0 | I104: 15000 | J104: 0 | K104: =J104/I104*100 -> 0 | L104: =SUM(L103) -> 20000 | M104: =SUM(M103) -> 0 | N104: =M104/L104*100 -> 0 | O104: =SUM(O103) -> 20000 | P104: =SUM(P103) -> 20000
B105: Sub-total (Goods&Serv') | C105: =C104+C100+C96+C92+C84+C80+C69+C56+C50+C44+C41+C33 -> 6380801 | D105: =D104+D100+D96+D92+D84+D80+D69+D56+D50+D44+D41+D33 -> 5249680.9 | E105: =E104+E100+E96+E92+E84+E80+E69+E56+E50+E44+E41+E33 -> 854.79793 | F105: =F104+F100+F96+F92+F84+F80+F69+F56+F50+F44+F41+F33 -> 6078811 | G105: =G104+G100+G96+G92+G84+G80+G69+G56+G50+G44+G41+G33 -> 3315578.2 | H105: =G105/F105*100 -> 54.543202 | I105: =I104+I100+I96+I92+I84+I80+I69+I56+I50+I44+I41+I33 -> 5613000 | J105: =J104+J100+J96+J92+J84+J80+J69+J56+J50+J44+J41+J33 -> 4569020.7 | K105: =J105/I105*100 -> 81.400689 | L105: =L104+L100+L96+L92+L84+L80+L69+L56+L50+L44+L41+L33 -> 5602440 | M105: =M104+M100+M96+M92+M84+M80+M69+M56+M50+M44+M41+M33 -> 1213289.9 | N105: =M105/L105*100 -> 21.656455 | O105: =O104+O100+O96+O92+O84+O80+O69+O56+O50+O44+O41+O33 -> 5602440 | P105: =P104+P100+P96+P92+P84+P80+P69+P56+P50+P44+P41+P33 -> 5874941
A107: 2731000 | B107: EMPLOYER SOCIAL BENEFITS IN CASH
A108: 2731102 | B108: Staff Welfare/Funeral Exp. | C108: 10000 | D108: 7000 | E108: =D108/C108*100 -> 70 | F108: 10000 | G108: 7000 | H108: =G108/F108*100 -> 70 | I108: 10000 | J108: 2528 | K108: =J108/I108*100 -> 25.28 | L108: 10000 | M108: 0 | N108: =M108/L108*100 -> 0 | O108: =L108 -> 10000 | P108: =O108 -> 10000
...

Sheet CAPEX_23
A1: CHART OF ACCOUNT | B1: PROJECT DESCRIPTION | C1: LOCATION | D1: CONTRCTOR / CONSULTANT | E1: FUND SOURCE | F1: CONTRACT SUM (GH₵) 1 | G1: DATE OF AWARD | H1: EXPECTED DATE OF COMPLETION | I1: EXPENDITURE TO DATE | J1: OUTSTANDING BALANCE | K1: % OF COMPLETION | L1: IMPLEMENTATION STATUS | M1: ALLOCATION FOR 2023 (GH¢) | N1: CONTRACT SUM (GH₵) 2 | O1: 2023 APPROVED EST / ACT. CONTRACT SUM | P1: EXPENDITURE TILL DATE | Q1: 2023 REVIEW / OUTSTANDING
A2: WIP-TOILETS
A3: 3111353 | B3: Construction of 2 No. 6 Seater Water Closet Toilets with mechanized borehole | C3: Asanda, Baseke | D3: Sekamet Infinity Ltd | E3: DACF-RFG | F3: 460000 | G3: 45029 | H3: 45182 | I3: 0 | J3: 460000 | K3: Baseke Awarded | L3: New | M3: 460000 | N3: 341769.14 | O3: 341769.14 | P3: 0 | Q3: 307592.23
A4: 3111353 | B4: Construction of 1 No. 6 Seater Water Closet Toilets with mechanized borehole | C4: Asanda, | D4: Attans Enterprise Ltd. | E4: DACF | F4: 0 | G4: 45029 | H4: 45182 | I4: 0 | J4: 0 | K4: Yet to be awarded | L4: New | M4: 0 | N4: 342438.64 | O4: 291072.84 | P4: 51365.8 | Q4: 256828.97
A5: 3111256 | B5: Costruction of 1 No. 6 Unit Classroom Block, Office, Store, ICT,,Staff Common Room with 6-Seater Water Closet | C5: Esiama SDA Primary School | D5: Projekt 1 Ltd | E5: DACF | F5: 663953.85 | G5: 43596 | H5: 43956 | I5: 498820.05 | J5: =F5-I5 -> 165133.8 | K5: 0.95 | L5: Ongoing | M5: =J5 -> 165133.8 | N5: 685895.72 | O5: 187075.67 | P5: 634177.18 | Q5: 51718.536
A6: 3111353 | B6: Construction of 1No.12-Seater Water Closet | C6: Awiebo | D6: Joethur Limited | E6: DACF | F6: 166443.38 | G6: 43596 | H6: 43954 | I6: =24966.5+41102.2+48610.47 -> 114679.17 | J6: =F6-I6 -> 51764.21 | K6: 1 | L6: Completed | M6: =J6 -> 51764.21 | N6: 0 | O6: 51764.21 | P6: 166443.38 | Q6: PAID
A7: 3111353 | B7: Construction of 1 No. 16 seater W/C Toilet | C7: Aiyinase | D7: Nana Kofi Blankson Construction | E7: DACF | F7: 94386.61 | G7: 42166 | H7: 42438 | I7: 75760.61 | J7: =F7-I7 -> 18626 | K7: 1 | L7: Completed and in Use | M7: =J7 -> 18626 | N7: 0 | O7: 18626 | P7: 94386.61 | Q7: PAID
A8: 3111353 | B8: Construction of 1 No. 16 Aqua Privy Toilet | C8: Tandan | D8: P. Amponsah Ent. | E8: DACF | F8: 95323.06 | G8: 42166 | H8: 42438 | I8: 83276.58 | J8: =F8-I8 -> 12046.48 | K8: 1 | L8: Completed | M8: =J8 -> 12046.48 | N8: 0 | O8: 12046.48 | P8: 95323.06 | Q8: PAID
B9: Sub-total A | F9: =SUM(F3:F8) -> 1480106.9 | I9: =SUM(I3:I8) -> 772536.41 | J9: =SUM(J3:J8) -> 707570.49 | M9: =SUM(M3:M8) -> 707570.49 | O9: =SUM(O3:O8) -> 902354.34 | P9: =SUM(P3:P8) -> 1041696 | Q9: =SUM(Q3:Q8) -> 616139.73
A10: 3111353 | B10: Construction of 1 No. 10 Seater Water Closet with Mechanized Borehole | C10: Kikam | D10: 17 Katona Company Ltd. | E10: MDF | F10: 112500 | G10: 45029 | H10: 45182 | I10: 0 | J10: 112500 | K10: Yet to be awarded | L10: New | M10: 37500 | N10: 361941.69 | O10: 325747.52 | P10: 0 | Q10: 325747.52
B11: Construction of 1 No. 10 Seater Water Closet with Mechanized Borehole | C11: Esiama | D11: Zong-yin Company Ltd | E11: MDF | F11: 112500 | G11: 45029 | H11: 45182 | I11: 0 | J11: 112500 | K11: Awarded | L11: New | M11: 37500 | N11: 360905.51 | O11: 324814.96 | P11: 54,135.83 released | Q11: 324814.96
B12: Construction of 1 No. 10 Seater Water Closet with Mechanized Borehole | C12: Kamgbunli | D12: Abera Construction Ltd | E12: MDF | F12: 198117 | G12: 45029 | H12: 45182 | I12: 0 | J12: 198117 | K12: Awarded | L12: New | M12: 69398.5 | N12: 365953.54 | O12: 329358.19 | P12: 0 | Q12: 329358.19
B13: Construction of 1 No. 10 Seater Water Closet with Mechanized Borehole | C13: Aiyinase | D13: Jacoa Construction Ltd | E13: MDF | F13: 112500 | G13: 45029 | H13: 45182 | I13: 0 | J13: 112500 | K13: Awarded | L13: New | M13: 37500 | N13: 361763.5 | O13: 325587.15 | P13: 0 | Q13: 325587.15
B14: Construction of 1 No. 10 Seater Water Closet with Mechanized Borehole | C14: Nvuma | D14: Sunnydale Ltd | E14: MDF | F14: 112500 | G14: 45029 | H14: 45182 | I14: 0 | J14: 112500 | K14: Yet to be awarded | L14: New | M14: 37500 | N14: 364134.56 | O14: 327721.1 | P14: 0 | Q14: 327721.1
B15: Construction of 1 No. 10 Seater Water Closet with Mechanized Borehole | C15: Edwakpole | D15: Attans Enterprise Ltd. | E15: MDF | F15: 198117 | G15: 45029 | H15: 45182 | I15: 0 | J15: 198117 | K15: Awarded | L15: New | M15: 69398.5 | N15: 363741.1 | O15: 327366.99 | P15: 54,561.17 released | Q15: 327366.99
B16: Sub-total B | F16: =SUM(F10:F15) -> 846234 | I16: =SUM(I10:I15) -> 0 | J16: =SUM(J10:J15) -> 846234 | M16: =SUM(M10:M15) -> 288797 | N16: =SUM(N10:N15) -> 2178439.9 | O16: =SUM(O10:O15) -> 1960595.9 | P16: =SUM(P10:P15) -> 0 | Q16: =SUM(Q10:Q15) -> 1960595.9
B17: Sub-total C | F17: =F16+F9 -> 2326340.9 | I17: =I16+I9 -> 772536.41 | J17: =J16+J9 -> 1553804.5 | M17: =M16+M9 -> 996367.49 | N17: =N16+N9 -> 2178439.9 | O17: =O16+O9 -> 2862950.2 | P17: =P16+P9 -> 1041696 | Q17: =Q16+Q9 -> 2576735.6
A18: WIP-HEALTH CENTERS
A19: 3111252 | B19: Construction of Chps Compound | C19: Aluku | D19: Joethur Limited | E19: DACF | F19: 285007.38 | G19: 14/04/2020 | H19: 14/08/2020 | I19: 144461.35 | J19: =F19-I19 -> 140546.03 | K19: 0.65 | L19: On-going | M19: =J19 -> 140546.03 | N19: 314702.22 | O19: 170240.87 | P19: 144461.35 | Q19: 153216.78
A20: 3111252 | B20: Construction of Chps Compound | C20: Azulenoanu | D20: Axiles Construction Works | E20: DACF | F20: 281450.64 | G20: 14/04/2020 | H20: 14/08/2020 | I20: 274307.4 | J20: =F20-I20 -> 7143.24 | K20: 1 | L20: Completed and in Use | M20: =J20 -> 7143.24 | N20: =F20 -> 281450.64 | O20: 7143.24 | P20: =I20 -> 274307.4 | Q20: PAID
B21: Sub-total | F21: =SUM(F19:F20) -> 566458.02 | I21: =SUM(I19:I20) -> 418768.75 | J21: =SUM(J19:J20) -> 147689.27 | M21: =SUM(M19:M20) -> 147689.27 | N21: =SUM(N19:N20) -> 596152.86 | O21: =SUM(O19:O20) -> 177384.11 | P21: =SUM(P19:P20) -> 418768.75 | Q21: =SUM(Q19:Q20) -> 153216.78
A22: CHART OF ACCOUNT | B22: PROJECT DESCRIPTION | C22: LOCATION | D22: CONTRCTOR / CONSULTANT | E22: FUND SOURCE | F22: CONTRACT SUM (GH₵) 1 | G22: DATE OF AWARD | H22: EXPECTED DATE OF COMPLETION | I22: EXPENDITURE TO DATE | J22: OUTSTANDING BALANCE | K22: % OF COMPLETION | L22: IMPLEMENTATION STATUS | M22: ALLOCATION FOR 2023 (GH¢) | N22: CONTRACT SUM (GH₵) 2 | O22: 2023 APPROVED EST / ACT. CONTRACT SUM | P22: EXPENDITURE TILL DATE | Q22: 2023 REVIEW / OUTSTANDING
A23: WIP-SCHOOL BUILDINGS
A24: 3111256 | B24: Construction of 1No.3-Unit Classroom Block, Office and Store with Ancillary Facilities | C24: Awiaso. | D24: Macbabs Investments | E24: DACF | F24: 263243.31 | G24: 43596 | H24: 43954 | I24: 140187.31 | J24: =F24-I24 -> 123056 | K24: 1 | L24: On-going | M24: =J24 -> 123056 | N24: =F24 -> 263243.31 | O24: 123056 | P24: 236827.57 | Q24: PAID
A25: 3111256 | B25: Costruction of 1 No. 3 Unit Classroom Block, Office, Store, ICT,,Staff Common Room | C25: Awiebo | D25: Joerica co. Ltd | E25: DACF | F25: 385532.23 | G25: 43596 | H25: 43954 | I25: 331331.03 | J25: =F25-I25 -> 54201.2 | K25: 1 | L25: Ongoing | M25: =J25 -> 54201.2 | N25: =F25 -> 385532.23 | O25: 54201.2 | P25: 382888.1 | Q25: PAID
A26: 3111256 | B26: Costruction of 1 No. 3 Unit Classroom Block, Office, Store, ICT,,Staff Common Room and | C26: Nvelesolo | D26: John Jones Construction limited | E26: DACF | F26: 333246.21 | G26: 14/8/18 | H26: 43533 | I26: 314331.15 | J26: =F26-I26 -> 18915.06 | K26: 1 | L26: Ongoing | M26: =J26 -> 18915.06 | N26: =F26 -> 333246.21 | O26: 18915.06 | P26: =I26 -> 314331.15 | Q26: 17023.554
A27: 3111256 | B27: Construction of 1No. Three (3) unit Classroom Block with office and store ,ICT Center,Staff Common room | C27: Salman | D27: Zornambay Company limited | E27: MDF | F27: 375000 | G27: 16/8/19 | H27: 43533 | I27: =53487.38+45183.95+35150.05+126834.91 -> 260656.29 | J27: =F27-I27 -> 114343.71 | K27: 0.8 | L27: On-going | M27: =J27 -> 114343.71 | N27: =F27 -> 375000 | O27: 114343.71 | P27: =I27 -> 260656.29 | Q27: 102909.34
A28: 3111256 | B28: Construction of 1No. Three (3) unit Classroom Block with office and store ,ICT Center,Staff Common room | C28: Basake | D28: Joerica co. Ltd | E28: MDF | F28: 344081.19 | G28: 14/8/18 | H28: 43533 | I28: =51124.66+85323.3+52608.41+36841.31+65880.57 -> 291778.25 | J28: =F28-I28 -> 52302.94 | K28: 1 | L28: Complete | M28: =J28 -> 52302.94 | N28: =F28 -> 344081.19 | O28: 52302.94 | P28: =I28 -> 291778.25 | Q28: 47072.646
A29: 3111256 | B29: Construction of 1No. Three (3) unit Classroom Block with office and store ,ICT Center,Staff Common room | C29: Bomoakpole | D29: US Global Company Limited | E29: MDF | F29: 344144.93 | G29: 14/8/18 | H29: 43533 | I29: =51129.66+83769.72+69185.61+89714.96 -> 293799.95 | J29: =F29-I29 -> 50344.98 | K29: 1 | L29: Complete | M29: =J29 -> 50344.98 | N29: =F29 -> 344144.93 | O29: 50344.98 | P29: =I29 -> 293799.95 | Q29: PAID
B30: Sub-total | F30: =SUM(F24:F29) -> 2045247.9 | I30: =SUM(I24:I29) -> 1632084 | J30: =SUM(J24:J29) -> 413163.89 | M30: =SUM(M24:M29) -> 413163.89 | N30: =SUM(N24:N29) -> 2045247.9 | O30: =SUM(O24:O29) -> 413163.89 | P30: =SUM(P24:P29) -> 1780281.3 | Q30: =SUM(Q24:Q29) -> 167005.54
A31: SLAUGHTER HOUSE
A32: 3111206 | B32: Construction of 1No. Slaughter House | C32: Aiyinase | E32: IGF | F32: 130000 | I32: 0 | K32: Yet to be awarded | L32: New | M32: =F32 -> 130000 | N32: =M32 -> 130000 | O32: 130000 | P32: 0 | Q32: 44043.62
A33: WIP-MARKETS
A34: 3111354 | B34: Construction of 3No. Market Shed | C34: Adubrim | D34: Jeorica Company Ltd | E34: IGF | F34: 260582.18 | G34: 14/04/2020 | H34: 14/07/2020 | I34: 193587.33 | J34: =F34-I34 -> 66994.85 | K34: 1 | L34: On-going | M34: =J34 -> 66994.85 | N34: =F34 -> 260582.18 | O34: 0 | P34: 260582.18 | Q34: PAID
A35: 3111354 | B35: Construction of 1 No. 1Unit Modern Lockable Fish Market with 3 Handwashing facilities, terazzo floored, ceiling and 4-seater water closet toilet | C35: Aiyinase | D35: Sekamet Infinity Ltd | E35: DACF-RFG | F35: 500000 | G35: 45029 | H35: 45182 | I35: 0 | J35: 0 | K35: Yet to be awarded | L35: New | M35: 500000 | N35: 657519.39 | O35: 657519.39 | P35: 0 | Q35: 591767.45
A36: 3111354 | B36: Construction of 1 No. 3-Unit Market Sheds with 2 No. Urinals | C36: Nkroful | D36: Sekamet Infinity Ltd | E36: DACF-RFG | F36: 370000 | G36: 45029 | H36: 45182 | I36: 0 | J36: 0 | K36: Yet to be awarded | L36: New | M36: 370000 | N36: 458334.45 | O36: 458334.45 | P36: 68750.17 | Q36: 350625.85
B37: Sub-total | F37: =SUM(F34:F36) -> 1130582.2 | I37: =SUM(I34:I36) -> 193587.33 | J37: =SUM(J34:J36) -> 66994.85 | M37: =SUM(M34:M36) -> 936994.85 | N37: =SUM(N34:N36) -> 1376436 | O37: =SUM(O34:O36) -> 1115853.8 | P37: =SUM(P34:P36) -> 329332.35 | Q37: =SUM(Q34:Q36) -> 942393.3
A38: CHART OF ACCOUNT | B38: PROJECT DESCRIPTION | C38: LOCATION | D38: CONTRCTOR / CONSULTANT | E38: FUND SOURCE | F38: CONTRACT SUM (GH₵) 1 | G38: DATE OF AWARD | H38: EXPECTED DATE OF COMPLETION | I38: EXPENDITURE TO DATE | J38: OUTSTANDING BALANCE | K38: % OF COMPLETION | L38: IMPLEMENTATION STATUS | M38: ALLOCATION FOR 2023 (GH¢) | N38: CONTRACT SUM (GH₵) 2 | O38: 2023 APPROVED EST / ACT. CONTRACT SUM | P38: EXPENDITURE TILL DATE | Q38: 2023 REVIEW / OUTSTANDING
A39: WIP-BUNGALOWS/FLAT
A40: 3111153 | B40: Rehabilitation of the DCDs recidence | C40: Nkroful | D40: kyekawa | E40: IGF | F40: 300000 | G40: 45029 | H40: 45182 | I40: 0 | J40: 0 | K40: Awarded | L40: New | M40: =F40 -> 300000 | N40: 420289.66 | O40: 420289.66 | P40: 63043.45 released | Q40: 378260.69
A41: 3111153 | B41: Rehabilitation of the DCE's recidence | C41: Nkroful | D41: - | E41: IGF | F41: 300000 | G41: - | H41: - | I41: 0 | J41: 0 | K41: Yet to be awarded | L41: New | M41: =F41 -> 300000 | N41: 300000 | O41: 300000 | P41: 0 | Q41: 26322
A42: 3111256 | B42: Construction of 1 No. 6 Unit Classroom Block to a 1 No.Teachers Quarters | C42: Awiebo | D42: - | E42: IGF | F42: 250000 | G42: - | H42: - | I42: 0 | J42: 0 | K42: Yet to be awarded | L42: New | M42: =F42 -> 250000 | N42: =M42 -> 250000 | O42: 250000 | P42: 0 | Q42: 26322
A43: 3111153 | B43: Costruction of 1 No. 3 Bedroom flat semi-detached for District Police Commander and District Magistrate | C43: Nkroful | D43: Cashbak International Ghana Ltd. | E43: IGF | F43: 284084.18 | G43: 42493 | H43: 42744 | I43: 261698 | J43: =F43-I43 -> 22386.18 | K43: 1 | L43: Completed and in Use | M43: =J43 -> 22386.18 | N43: =F43 -> 284084.18 | O43: 22386.18 | P43: =I43 -> 261698 | Q43: 20147.562
A44: 3111153 | B44: Construction of 2 Story 4 No. 2-Bed Room Quarters | C44: Nkroful | D44: Zimpaba Ent. Ltd | E44: IGF | F44: 389756.76 | G44: 29/6/2015 | H44: 29/3/2016 | I44: 310000 | J44: =F44-I44 -> 79756.76 | K44: 1 | L44: complete | M44: =J44 -> 79756.76 | N44: =F44 -> 389756.76 | O44: 79756.76 | P44: =I44 -> 310000 | Q44: 71781.084
A45: 3111252 | B45: Construction of 1No. Nurses Quarters | C45: Anwia | D45: Quarfra Construction | E45: MDF | F45: 310000 | G45: 18/11/2020 | H45: 18/3/2021 | I45: 0 | J45: =F45-I45 -> 310000 | K45: Yet to be awarded | L45: New | M45: 210000 | N45: =M45 -> 210000 | O45: 210000 | P45: =I45 -> 0 | Q45: 26322
B46: Sub-total | F46: =SUM(F40:F45) -> 1833840.9 | G46: =SUM(G40:G45) -> 87522 | J46: =SUM(J40:J45) -> 412142.94 | M46: =SUM(M40:M45) -> 1162142.9 | N46: =SUM(N40:N45) -> 1854130.6 | O46: =SUM(O40:O45) -> 1282432.6 | P46: =SUM(P40:P45) -> 571698 | Q46: 475589.34
A47: HERITAGE ASSETS
A48: 3113111 | B48: Construction of Community Centre | C48: Asasetre | D48: Attans Enterprise | E48: IGF | F48: 467981.61 | G48: 14/04/2020 | H48: 14/08/2020 | I48: 261747.4 | J48: =F48-I48 -> 206234.21 | K48: 0.5 | L48: On-going | M48: =J48 -> 206234.21 | N48: 484184.81 | O48: 222437.41 | P48: 381373.51 | Q48: 92530.17
A49: 3113111 | B49: Construction of 1No. Community Center | C49: Akoto | D49: Vibe A.Engineering Ltd | E49: MDF | F49: 410775.23 | G49: 43596 | H49: 43956 | I49: 209688.28 | J49: =F49-I49 -> 201086.95 | K49: 1 | L49: Complete | M49: =J49 -> 201086.95 | N49: =F49 -> 410775.23 | O49: 201086.95 | P49: =I49 -> 209688.28 | Q49: PAID
B50: Sub-total | F50: =SUM(F48:F49) -> 878756.84 | I50: =SUM(I48:I49) -> 471435.68 | J50: =SUM(J48:J49) -> 407321.16 | M50: =SUM(M48:M49) -> 407321.16 | N50: =SUM(N48:N49) -> 894960.04 | O50: =SUM(O48:O49) -> 423524.36 | P50: =SUM(P48:P49) -> 591061.79 | Q50: 92530.17
A51: WIP-WATER SYSTEMS
A52: 3113162 | B52: Construction of 7 No. Boreholes with Hand pumping Machines | C52: Bobrama,Baku Nvuma, Kamgbunli,Beposo,Atababo and Pelepolena | D52: Ricky Energy Ltd | E52: DACF | F52: 197642 | G52: 18/11/2020 | H52: 18/02/2021 | I52: 178818 | J52: =F52-I52 -> 18824 | K52: 0.95 | L52: Ongoing | M52: =J52 -> 18824 | N52: =F52 -> 197642 | O52: 18824 | P52: =I52 -> 178818 | Q52: 16941.6
A53: WIP FURNITURE & FITTINGS
A54: 3113108 | B54: Supply of Standard 1000 Dual Desks in the District | C54: District wide | D54: SDSD | E54: MDF/LMC | F54: 35000 | G54: 45029 | H54: 45182 | I54: 0 | K54: Yet to be awarded | L54: New | M54: 35000 | N54: 1084000 | O54: 1084000 | P54: 57000 released | Q54: 1084000
A55: 3113108 | B55: Manufacture and Supply of Standard 500 Mono Desks and 100 pieces of Teachers Tables and Chairs in the District | C55: District wide | F55: 35000 | K55: Yet to be awarded | M55: 35000 | N55: 342000 | O55: 342000 | Q55: 342000
A56: 7 | B56: Supply of Furniture for DCD's and DCE's recidence | C56: Nkroful | F56: 70000 | I56: 0 | J56: 70000 | M56: 70000 | N56: =M56 -> 70000 | O56: 70000 | P56: =I56 -> 0 | Q56: 70000
B57: Sub-total | F57: =SUM(F54:F56) -> 140000 | I57: =SUM(I54:I56) -> 0 | J57: =SUM(J54:J56) -> 70000 | M57: =SUM(M54:M56) -> 140000 | N57: =SUM(N54:N56) -> 1496000 | O57: =SUM(O54:O56) -> 1496000 | P57: =SUM(P54:P56) -> 0 | Q57: 405000
A58: CHART OF ACCOUNT | B58: PROJECT DESCRIPTION | C58: LOCATION | D58: CONTRCTOR / CONSULTANT | E58: FUND SOURCE | F58: CONTRACT SUM (GH₵) 1 | G58: DATE OF AWARD | H58: EXPECTED DATE OF COMPLETION | I58: EXPENDITURE TO DATE | J58: OUTSTANDING BALANCE | K58: % OF COMPLETION | L58: IMPLEMENTATION STATUS | M58: ALLOCATION FOR 2023 (GH¢) | N58: CONTRACT SUM (GH₵) 2 | O58: 2023 APPROVED EST / ACT. CONTRACT SUM | P58: EXPENDITURE TILL DATE | Q58: 2023 REVIEW / OUTSTANDING
A59: SELF-HELP PROJECTS
B60: Self-help projects | F60: 1000000 | I60: 0 | J60: 1000000 | M60: 1000000 | N60: 0 | O60: 1000000 | P60: 0 | Q60: 1000000
A61: MOTOR VEHICLE
A62: 3111305 | B62: Supply of 1No.4*4 Double Cabin Pickup Vehicle | C62: Nkroful | E62: IGF | F62: 1200000 | I62: 0 | K62: Yet to be awarded | L62: New | M62: =F62 -> 1200000 | N62: =M62 -> 1200000 | O62: 890307 | P62: 0 | Q62: 890307
A63: MOTOR BIKE
A64: 3111305 | B64: Supply of 8No. Motor bikes | C64: District Assembly | E64: IGF | F64: 510083 | I64: 0 | K64: Yet to be awarded | L64: New | M64: =F64 -> 510083 | N64: =M64 -> 510083 | O64: 510083 | P64: 0 | Q64: 26322
B65: TOTAL_CAPEX | F65: =F64+F62+F60+F57+F52+F50+F46+F37+F32+F30+F21+F17 -> 11958952 | I65: =I64+I62+I60+I57+I52+I50+I46+I37+I32+I30+I21+I17 -> 3667230.1 | J65: =J64+J62+J60+J57+J52+J50+J46+J37+J32+J30+J21+J17 -> 4089940.6 | M65: =M64+M62+M60+M57+M52+M50+M46+M37+M32+M30+M21+M17 -> 7062586.6 | N65: =N64+N62+N60+N57+N52+N50+N46+N37+N32+N30+N21+N17 -> 12479092 | O65: =O64+O62+O60+O57+O52+O50+O46+O37+O32+O30+O21+O17 -> 10320523 | P65: =P64+P62+P60+P57+P52+P50+P46+P37+P32+P30+P21+P17 -> 4911656.2 | Q65: =Q64+Q62+Q60+Q57+Q52+Q50+Q46+Q37+Q32+Q30+Q21+Q17 -> 6790085

Sheet Sheet1
A1: CHART OF ACCOUNT | B1: PROJECT DESCRIPTION | C1: LOCATION | D1: CONTRCTOR / CONSULTANT | E1: FUND SOURCE | F1: CONTRACT SUM (GH₵) 1 | G1: DATE OF AWARD | H1: EXPECTED DATE OF COMPLETION | I1: EXPENDITURE TO DATE | J1: OUTSTANDING BALANCE | K1: % OF COMPLETION | L1: IMPLEMENTATION STATUS | M1: ALLOCATION FOR 2023 (GH¢) | N1: CONTRACT SUM (GH₵) 2 | O1: 2023 APPROVED EST / ACT. CONTRACT SUM | P1: EXPENDITURE TILL DATE | Q1: 2023 APPROVED EST / ACT. CONTRACT SUM | R1: 2023 REVIEW / OUTSTANDING
A2: WIP-TOILETS
A3: 3111353 | B3: Construction of 2 No. 6 Seater Water Closet Toilets with mechanized borehole | C3: Asanda, Baseke | D3: Sekamet Infinity Ltd | E3: DACF-RFG | F3: 460000 | G3: 45029 | H3: 45182 | I3: 0 | J3: 460000 | K3: Baseke Awarded | L3: New | M3: 460000 | N3: 341769.14 | O3: 341769.14 | P3: 0 | Q3: 341769.14 | R3: 307592.23
A4: 3111353 | B4: Construction of 1 No. 6 Seater Water Closet Toilets with mechanized borehole | C4: Asanda, | D4: Attans Enterprise Ltd. | E4: DACF | F4: 0 | G4: 45029 | H4: 45182 | I4: 0 | J4: 0 | K4: Yet to be awarded | L4: New | M4: 0 | N4: 342438.64 | O4: 291072.84 | P4: 51365.8 | Q4: 291072.84 | R4: 256828.97
A5: 3111256 | B5: Costruction of 1 No. 6 Unit Classroom Block, Office, Store, ICT,,Staff Common Room with 6-Seater Water Closet | C5: Esiama SDA Primary School | D5: Projekt 1 Ltd | E5: DACF | F5: 663953.85 | G5: 43596 | H5: 43956 | I5: 498820.05 | J5: =F5-I5 -> 165133.8 | K5: 0.95 | L5: Ongoing | M5: =J5 -> 165133.8 | N5: 685895.72 | O5: 187075.67 | P5: 634177.18 | Q5: 187075.67 | R5: 51718.536
A6: 3111353 | B6: Construction of 1No.12-Seater Water Closet | C6: Awiebo | D6: Joethur Limited | E6: DACF | F6: 166443.38 | G6: 43596 | H6: 43954 | I6: =24966.5+41102.2+48610.47 -> 114679.17 | J6: =F6-I6 -> 51764.21 | K6: 1 | L6: Completed | M6: =J6 -> 51764.21 | N6: 0 | O6: 51764.21 | P6: 166443.38 | Q6: 51764.21 | R6: PAID
A7: 3111353 | B7: Construction of 1 No. 16 seater W/C Toilet | C7: Aiyinase | D7: Nana Kofi Blankson Construction | E7: DACF | F7: 94386.61 | G7: 42166 | H7: 42438 | I7: 75760.61 | J7: =F7-I7 -> 18626 | K7: 1 | L7: Completed and in Use | M7: =J7 -> 18626 | N7: 0 | O7: 18626 | P7: 94386.61 | Q7: 18626 | R7: PAID
A8: 3111353 | B8: Construction of 1 No. 16 Aqua Privy Toilet | C8: Tandan | D8: P. Amponsah Ent. | E8: DACF | F8: 95323.06 | G8: 42166 | H8: 42438 | I8: 83276.58 | J8: =F8-I8 -> 12046.48 | K8: 1 | L8: Completed | M8: =J8 -> 12046.48 | N8: 0 | O8: 12046.48 | P8: 95323.06 | Q8: 12046.48 | R8: PAID
A9: 3111353 | B9: Construction of 4No.20 seater W/C | C9: Kikam, Nvuma, Esiama Mkt, Aiyinase Mkt | D9: - | E9: MDF | F9: 450000 | G9: - | H9: - | I9: 0 | J9: =F9 -> 450000 | K9: Yet to be awarded | L9: New | M9: 150000 | N9: 0 | O9: 150000 | P9: 0 | Q9: 150000 | R9: 0
A10: 3111353 | B10: Construction of 2No. 6 Seater at some selected schools | C10: UBAISHS (Kangbuli), Edwakpole | D10: - | E10: MDF | F10: 396234 | G10: - | H10: - | I10: 0 | J10: =F10-I10 -> 396234 | K10: Yet to be awarded | L10: New | M10: 138797 | N10: 0 | O10: 138797 | P10: 0 | Q10: 138797 | R10: 0
B11: Sub-total A | F11: =SUM(F3:F10) -> 2326340.9 | I11: =SUM(I3:I10) -> 772536.41 | J11: =SUM(J3:J10) -> 1553804.5 | M11: =SUM(M3:M10) -> 996367.49 | N11: =SUM(N3:N10) -> 1370103.5 | O11: =SUM(O3:O10) -> 1191151.3 | P11: =SUM(P3:P10) -> 1041696 | Q11: =SUM(Q3:Q10) -> 1191151.3 | R11: =SUM(R3:R10) -> 616139.73
A12: Actualised from 3111353 Projests above | B12: Construction of 1 No. 10 Seater Water Closet with Mechanized Borehole | C12: Kikam | D12: 17 Katona Company Ltd. | E12: MDF | F12: 0 | G12: 45029 | H12: 45182 | I12: 0 | J12: 0 | K12: Yet to be awarded | L12: New | M12: 0 | N12: 361941.69 | P12: 0 | Q12: 325747.52 | R12: 325747.52
B13: Construction of 1 No. 10 Seater Water Closet with Mechanized Borehole | C13: Esiama | D13: Zong-yin Company Ltd | E13: MDF | F13: 0 | G13: 45029 | H13: 45182 | I13: 0 | J13: 0 | K13: Awarded | L13: New | M13: 0 | N13: 360905.51 | P13: 54,135.83 released | Q13: 324814.96 | R13: 324814.96
B14: Construction of 1 No. 10 Seater Water Closet with Mechanized Borehole | C14: Kamgbunli | D14: Abera Construction Ltd | E14: MDF | F14: 0 | G14: 45029 | H14: 45182 | I14: 0 | J14: 0 | K14: Awarded | L14: New | M14: 0 | N14: 365953.54 | P14: 0 | Q14: 329358.19 | R14: 329358.19
B15: Construction of 1 No. 10 Seater Water Closet with Mechanized Borehole | C15: Aiyinase | D15: Jacoa Construction Ltd | E15: MDF | F15: 0 | G15: 45029 | H15: 45182 | I15: 0 | J15: 0 | K15: Awarded | L15: New | M15: 0 | N15: 361763.5 | P15: 0 | Q15: 325587.15 | R15: 325587.15
B16: Construction of 1 No. 10 Seater Water Closet with Mechanized Borehole | C16: Nvuma | D16: Sunnydale Ltd | E16: MDF | F16: 0 | G16: 45029 | H16: 45182 | I16: 0 | J16: 0 | K16: Yet to be awarded | L16: New | M16: 0 | N16: 364134.56 | P16: 0 | Q16: 327721.1 | R16: 327721.1
B17: Construction of 1 No. 10 Seater Water Closet with Mechanized Borehole | C17: Edwakpole | D17: Attans Enterprise Ltd. | E17: MDF | F17: 0 | G17: 45029 | H17: 45182 | I17: 0 | J17: 0 | K17: Awarded | L17: New | M17: 0 | N17: 363741.1 | P17: 54,561.17 released | Q17: 327366.99 | R17: 327366.99
B18: Sub-total B | F18: =SUM(F12:F17) -> 0 | I18: =SUM(I12:I17) -> 0 | J18: =SUM(J12:J17) -> 0 | M18: =SUM(M12:M17) -> 0 | N18: =SUM(N12:N17) -> 2178439.9 | P18: =SUM(P12:P17) -> 0 | Q18: =SUM(Q12:Q17) -> 1960595.9 | R18: =SUM(R12:R17) -> 1960595.9
B19: Sub-total C | F19: =F18+F11 -> 2326340.9 | I19: =I18+I11 -> 772536.41 | J19: =J18+J11 -> 1553804.5 | M19: =M18+M11 -> 996367.49 | N19: =N18+N11 -> 3548543.4 | P19: =P18+P11 -> 1041696 | Q19: =Q18+Q11 -> 3151747.2 | R19: =R18+R11 -> 2576735.6
A20: WIP-HEALTH CENTERS
A21: 3111252 | B21: Construction of Chps Compound | C21: Aluku | D21: Joethur Limited | E21: DACF | F21: 285007.38 | G21: 14/04/2020 | H21: 14/08/2020 | I21: 144461.35 | J21: =F21-I21 -> 140546.03 | K21: 0.65 | L21: On-going | M21: =J21 -> 140546.03 | N21: 314702.22 | P21: 144461.35 | Q21: 170240.87 | R21: 153216.78
A22: 3111252 | B22: Construction of Chps Compound | C22: Azulenoanu | D22: Axiles Construction Works | E22: DACF | F22: 281450.64 | G22: 14/04/2020 | H22: 14/08/2020 | I22: 274307.4 | J22: =F22-I22 -> 7143.24 | K22: 1 | L22: Completed and in Use | M22: =J22 -> 7143.24 | N22: =F22 -> 281450.64 | P22: =I22 -> 274307.4 | Q22: 7143.24 | R22: 0
B23: Sub-total | F23: =SUM(F21:F22) -> 566458.02 | I23: =SUM(I21:I22) -> 418768.75 | J23: =SUM(J21:J22) -> 147689.27 | M23: =SUM(M21:M22) -> 147689.27 | N23: =SUM(N21:N22) -> 596152.86 | P23: =SUM(P21:P22) -> 418768.75 | Q23: =SUM(Q21:Q22) -> 177384.11 | R23: =SUM(R21:R22) -> 153216.78
A24: WIP-SCHOOL BUILDINGS
A25: 3111256 | B25: Construction of 1No.3-Unit Classroom Block, Office and Store with Ancillary Facilities | C25: Awiaso. | D25: Macbabs Investments | E25: DACF | F25: 263243.31 | G25: 43596 | H25: 43954 | I25: 140187.31 | J25: =F25-I25 -> 123056 | K25: 1 | L25: On-going | M25: =J25 -> 123056 | N25: =F25 -> 263243.31 | P25: 236827.57 | Q25: 123056 | R25: 0
A26: 3111256 | B26: Costruction of 1 No. 3 Unit Classroom Block, Office, Store, ICT,,Staff Common Room | C26: Awiebo | D26: Joerica co. Ltd | E26: DACF | F26: 385532.23 | G26: 43596 | H26: 43954 | I26: 331331.03 | J26: =F26-I26 -> 54201.2 | K26: 1 | L26: Ongoing | M26: =J26 -> 54201.2 | N26: =F26 -> 385532.23 | P26: 382888.1 | Q26: 54201.2 | R26: 0
A27: 3111256 | B27: Costruction of 1 No. 3 Unit Classroom Block, Office, Store, ICT,,Staff Common Room and | C27: Nvelesolo | D27: John Jones Construction limited | E27: DACF | F27: 333246.21 | G27: 14/8/18 | H27: 43533 | I27: 314331.15 | J27: =F27-I27 -> 18915.06 | K27: 1 | L27: Ongoing | M27: =J27 -> 18915.06 | N27: =F27 -> 333246.21 | P27: =I27 -> 314331.15 | Q27: 18915.06 | R27: 17023.554
A28: 3111256 | B28: Construction of 1No. Three (3) unit Classroom Block with office and store ,ICT Center,Staff Common room | C28: Salman | D28: Zornambay Company limited | E28: MDF | F28: 375000 | G28: 16/8/19 | H28: 43533 | I28: =53487.38+45183.95+35150.05+126834.91 -> 260656.29 | J28: =F28-I28 -> 114343.71 | K28: 0.8 | L28: On-going | M28: =J28 -> 114343.71 | N28: =F28 -> 375000 | P28: =I28 -> 260656.29 | Q28: 114343.71 | R28: 102909.34
A29: 3111256 | B29: Construction of 1No. Three (3) unit Classroom Block with office and store ,ICT Center,Staff Common room | C29: Basake | D29: Joerica co. Ltd | E29: MDF | F29: 344081.19 | G29: 14/8/18 | H29: 43533 | I29: =51124.66+85323.3+52608.41+36841.31+65880.57 -> 291778.25 | J29: =F29-I29 -> 52302.94 | K29: 1 | L29: Complete | M29: =J29 -> 52302.94 | N29: =F29 -> 344081.19 | P29: =I29 -> 291778.25 | Q29: 52302.94 | R29: 47072.646
A30: 3111256 | B30: Construction of 1No. Three (3) unit Classroom Block with office and store ,ICT Center,Staff Common room | C30: Bomoakpole | D30: US Global Company Limited | E30: MDF | F30: 344144.93 | G30: 14/8/18 | H30: 43533 | I30: =51129.66+83769.72+69185.61+89714.96 -> 293799.95 | J30: =F30-I30 -> 50344.98 | K30: 1 | L30: Complete | M30: =J30 -> 50344.98 | N30: =F30 -> 344144.93 | P30: =I30 -> 293799.95 | Q30: 50344.98 | R30: 0
B31: Sub-total | F31: =SUM(F25:F30) -> 2045247.9 | I31: =SUM(I25:I30) -> 1632084 | J31: =SUM(J25:J30) -> 413163.89 | M31: =SUM(M25:M30) -> 413163.89 | N31: =SUM(N25:N30) -> 2045247.9 | P31: =SUM(P25:P30) -> 1780281.3 | Q31: =SUM(Q25:Q30) -> 413163.89 | R31: =SUM(R25:R30) -> 167005.54
A32: SLAUGHTER HOUSE
A33: 3111206 | B33: Construction of 1No. Slaughter House | C33: Aiyinase | E33: IGF | F33: 130000 | I33: 0 | K33: Yet to be awarded | L33: New | M33: =F33 -> 130000 | N33: =M33 -> 130000 | P33: 0 | Q33: 130000 | R33: 9000
A34: WIP-MARKETS
A35: 3111354 | B35: Construction of 3No. Market Shed | C35: Adubrim | D35: Jeorica Company Ltd | E35: IGF | F35: 260582.18 | G35: 14/04/2020 | H35: 14/07/2020 | I35: 193587.33 | J35: =F35-I35 -> 66994.85 | K35: 1 | L35: On-going | M35: =J35 -> 66994.85 | N35: =F35 -> 260582.18 | P35: 260582.18 | Q35: 0 | R35: 0
A36: 3111354 | B36: Construction of 1 No. 1Unit Modern Lockable Fish Market with 3 Handwashing facilities, terazzo floored, ceiling and 4-seater water closet toilet | C36: Aiyinase | D36: Sekamet Infinity Ltd | E36: DACF-RFG | F36: 500000 | G36: 45029 | H36: 45182 | I36: 0 | J36: 0 | K36: Yet to be awarded | L36: New | M36: 500000 | N36: 657519.39 | P36: 0 | Q36: 657519.39 | R36: 591767.45
A37: 3111354 | B37: Construction of 1 No. 3-Unit Market Sheds with 2 No. Urinals | C37: Nkroful | D37: Sekamet Infinity Ltd | E37: DACF-RFG | F37: 370000 | G37: 45029 | H37: 45182 | I37: 0 | J37: 0 | K37: Yet to be awarded | L37: New | M37: 370000 | N37: 458334.45 | P37: 68750.17 | Q37: 458334.45 | R37: 350625.85
B38: Sub-total | F38: =SUM(F35:F37) -> 1130582.2 | I38: =SUM(I35:I37) -> 193587.33 | J38: =SUM(J35:J37) -> 66994.85 | M38: =SUM(M35:M37) -> 936994.85 | N38: =SUM(N35:N37) -> 1376436 | P38: =SUM(P35:P37) -> 329332.35 | Q38: =SUM(Q35:Q37) -> 1115853.8 | R38: =SUM(R35:R37) -> 942393.3
A39: WIP-BUNGALOWS/FLAT
A40: 3111153 | B40: Rehabilitation of the DCDs recidence | C40: Nkroful | D40: kyekawa | E40: IGF | F40: 300000 | G40: 45029 | H40: 45182 | I40: 0 | K40: Awarded | L40: New | M40: =F40 -> 300000 | N40: 420289.66 | P40: 63043.45 released | Q40: 420289.66 | R40: 378260.69
A41: 3111153 | B41: Rehabilitation of the DCE's recidence | C41: Nkroful | E41: IGF | F41: 300000 | I41: 0 | K41: Yet to be awarded | L41: New | M41: =F41 -> 300000 | N41: 300000 | P41: 0 | Q41: 300000 | R41: 1800
A42: 3111256 | B42: Construction of 1 No. 6 Unit Classroom Block to a 1 No.Teachers Quarters | C42: Awiebo | E42: IGF | F42: 250000 | I42: 0 | K42: Yet to be awarded | L42: New | M42: =F42 -> 250000 | N42: =M42 -> 250000 | P42: 0 | Q42: 250000 | R42: 1800
A43: 3111153 | B43: Costruction of 1 No. 3 Bedroom flat semi-detached for District Police Commander and District Magistrate | C43: Nkroful | D43: Cashbak International Ghana Ltd. | E43: IGF | F43: 284084.18 | G43: 42493 | H43: 42744 | I43: 261698 | J43: =F43-I43 -> 22386.18 | K43: 1 | L43: Completed and in Use | M43: =J43 -> 22386.18 | N43: =F43 -> 284084.18 | P43: =I43 -> 261698 | Q43: 22386.18 | R43: 20147.562
A44: 3111153 | B44: Construction of 2 Story 4 No. 2-Bed Room Quarters | C44: Nkroful | D44: Zimpaba Ent. Ltd | E44: IGF | F44: 389756.76 | G44: 29/6/2015 | H44: 29/3/2016 | I44: 310000 | J44: =F44-I44 -> 79756.76 | K44: 1 | L44: complete | M44: =J44 -> 79756.76 | N44: =F44 -> 389756.76 | P44: =I44 -> 310000 | Q44: 79756.76 | R44: 71781.084
A45: 3111252 | B45: Construction of 1No. Nurses Quarters | C45: Anwia | D45: Quarfra Construction | E45: MDF | F45: 310000 | G45: 18/11/2020 | H45: 18/3/2021 | I45: 0 | J45: =F45-I45 -> 310000 | K45: Yet to be awarded | L45: New | M45: 210000 | N45: =M45 -> 210000 | P45: =I45 -> 0 | Q45: 210000 | R45: 1800
B46: Sub-total | F46: =SUM(F40:F45) -> 1833840.9 | G46: =SUM(G40:G45) -> 87522 | J46: =SUM(J40:J45) -> 412142.94 | M46: =SUM(M40:M45) -> 1162142.9 | N46: =SUM(N40:N45) -> 1854130.6 | P46: =SUM(P40:P45) -> 571698 | Q46: =SUM(Q40:Q45) -> 1282432.6 | R46: 475589.34
A47: HERITAGE ASSETS
A48: 3113111 | B48: Construction of Community Centre | C48: Asasetre | D48: Attans Enterprise | E48: IGF | F48: 467981.61 | G48: 14/04/2020 | H48: 14/08/2020 | I48: 261747.4 | J48: =F48-I48 -> 206234.21 | K48: 0.5 | L48: On-going | M48: =J48 -> 206234.21 | N48: 484184.81 | P48: 381373.51 | Q48: 222437.41 | R48: 92530.17
A49: 3113111 | B49: Construction of 1No. Community Center | C49: Akoto | D49: Vibe A.Engineering Ltd | E49: MDF | F49: 410775.23 | G49: 43596 | H49: 43956 | I49: 209688.28 | J49: =F49-I49 -> 201086.95 | K49: 1 | L49: Complete | M49: =J49 -> 201086.95 | N49: =F49 -> 410775.23 | P49: =I49 -> 209688.28 | Q49: 201086.95 | R49: 0
B50: Sub-total | F50: =SUM(F48:F49) -> 878756.84 | I50: =SUM(I48:I49) -> 471435.68 | J50: =SUM(J48:J49) -> 407321.16 | M50: =SUM(M48:M49) -> 407321.16 | N50: =SUM(N48:N49) -> 894960.04 | P50: =SUM(P48:P49) -> 591061.79 | Q50: =SUM(Q48:Q49) -> 423524.36 | R50: 92530.17
A51: WIP-WATER SYSTEMS
A52: 3113162 | B52: Construction of 7 No. Boreholes with Hand pumping Machines | C52: Bobrama,Baku Nvuma, Kamgbunli,Beposo,Atababo and Pelepolena | D52: Ricky Energy Ltd | E52: DACF | F52: 197642 | G52: 18/11/2020 | H52: 18/02/2021 | I52: 178818 | J52: =F52-I52 -> 18824 | K52: 0.95 | L52: Ongoing | M52: =J52 -> 18824 | N52: =F52 -> 197642 | P52: =I52 -> 178818 | Q52: 18824 | R52: 16941.6
A53: WIP FURNITURE & FITTINGS
A54: 3113108 | B54: Supply of Standard 1000 Dual Desks in the District | C54: District wide | D54: SDSD | E54: MDF/LMC | F54: 70000 | G54: 45029 | H54: 45182 | I54: 0 | K54: Yet to be awarded | L54: New | M54: 35000 | N54: 1084000 | P54: 57000 released | R54: 1084000
A55: 3113108 | B55: Manufacture and Supply of Standard 500 Mono Desks and 100 pieces of Teachers Tables and Chairs in the District | C55: District wide | M55: 35000 | N55: 380000 | R55: 342000
A56: 3113108 | B56: Supply of Furniture for DCD's and DCE's recidence | C56: Nkroful | F56: 70000 | I56: 0 | J56: 70000 | M56: 70000 | N56: =M56 -> 70000 | P56: =I56 -> 0 | Q56: 70000 | R56: 63000
B57: Sub-total | F57: =SUM(F54:F56) -> 140000 | I57: =SUM(I54:I56) -> 0 | J57: =SUM(J54:J56) -> 70000 | M57: =SUM(M54:M56) -> 140000 | N57: =SUM(N54:N56) -> 1534000 | P57: =SUM(P54:P56) -> 0 | Q57: =SUM(Q54:Q56) -> 70000 | R57: 405000
A58: SELF-HELP PROJECTS
B59: Self-help projects | F59: 1000000 | I59: 0 | J59: 1000000 | M59: 1000000 | N59: 1000000 | P59: 0 | Q59: 1000000 | R59: 1000000
A60: MOTOR VEHICLE
A61: 3111305 | B61: Supply of 1No.4*4 Double Cabin Pickup Vehicle | C61: Nkroful | E61: IGF | F61: 1200000 | I61: 0 | K61: Yet to be awarded | L61: New | M61: =F61 -> 1200000 | N61: =M61 -> 1200000 | P61: 0 | Q61: 890307 | R61: 890307
A62: MOTOR BIKE
A63: 3111305 | B63: Supply of 8No. Motor bikes | C63: District Assembly | E63: IGF | F63: 510083 | I63: 0 | K63: Yet to be awarded | L63: New | M63: =F63 -> 510083 | N63: =M63 -> 510083 | P63: 0 | Q63: 510083 | R63: 10000
A64: TOTAL_CAPEX | F64: =F63+F61+F59+F57+F52+F50+F46+F38+F33+F31+F23+F19 -> 11958952 | I64: =I63+I61+I59+I57+I52+I50+I46+I38+I33+I31+I23+I19 -> 3667230.1 | J64: =J63+J61+J59+J57+J52+J50+J46+J38+J33+J31+J23+J19 -> 4089940.6 | M64: =M63+M61+M59+M57+M52+M50+M46+M38+M33+M31+M23+M19 -> 7062586.6 | N64: =N63+N61+N59+N57+N52+N50+N46+N38+N33+N31+N23+N19 -> 14887196 | P64: =P63+P61+P59+P57+P52+P50+P46+P38+P33+P31+P23+P19 -> 4911656.2 | Q64: =Q63+Q61+Q59+Q57+Q52+Q50+Q46+Q38+Q33+Q31+Q23+Q19 -> 9183320.1 | R64: =R63+R61+R59+R57+R52+R50+R46+R38+R33+R31+R23+R19 -> 6738719.4
M67: =Q64-M64 -> 2120733.5 | Q67: 510083
Q68: 10000
Q69: =Q67-Q68 -> 500083
